 Dungeon Crawl Stone Soup version 0.14.1-24-gbdbe590 (webtiles) character file.

454845 BoredOne the Slayer (level 23, -12/238 HPs)
             Began as a Minotaur Fighter on July 1, 2014.
             Was a High Priest of Okawaru.
             Killed from afar by a deep elf conjurer (39 damage)
             ... with a bolt of negative energy
             ... on Level 3 of the Elven Halls on July 2, 2014.
             The game lasted 05:14:58 (74043 turns).

BoredOne the Slayer (Minotaur Fighter)             Turns: 74043, Time: 05:14:59

HP -12/238       AC 15     Str 33      XL: 23   Next: 24%
MP  27/27        EV 12     Int 15      God: Okawaru [*****.]
Gold 1070        SH 34     Dex 28      Spells:  4 memorised, 14 levels left

rFire  + + +     SeeInvis .     W - +9 bastard sword "Newtslayer" {venom, Str-1 Dex+3 Int+3}
rCold  + + .     Clarity  .     T - +1 chain mail of Fegeowot {Str+1 Dex+5}
rNeg   . . .     Conserve .     h - +4 shield of Pnisto Gane {Str+1 Dex+3}
rPois  .         rCorr    .     b - +2 hat {MR+}
rElec  .         rRot     .     w - -4 cloak of the Beggars {rF++ Acc+5}
SustAb . .       Spirit   .     u - +0 pair of gloves of Hiaff {rC+ Dam+5}
rMut   .         Warding  .     p - -2 pair of boots of a labyrinth {MR+ Acc+3 Dam+4}
Saprov . . .     Stasis   +     v - amulet of Ylysint {Stasis rC+ MR++ Stlth++}
MR     +++++                    N - ring "Mnu Diot" {Fire Str+3 Dex+4}
                                c - ring of Maehaf {MR+ Str+5 Int+3}

@: very heavily drained, almost entirely resistant to hostile enchantments,
extremely unstealthy
A: retaliatory headbutt, horns 2, breathe flames 1, cold resistance 1, fire
resistance 1
a: Heroism, Finesse, Renounce Religion, Breathe Fire
}: 2/15 runes: silver, gossamer


You were on level 3 of the Elven Halls.
You worshipped Okawaru.
Okawaru was extremely pleased with you.
You were not hungry.

You visited 8 branches of the dungeon, and saw 42 of its levels.
You also visited: Labyrinth, Bailey, Ice Cave and Wizlab.

You collected 6011 gold pieces.
You spent 4941 gold pieces at shops.

Inventory:

Hand weapons
 i - a +9,+9 bastard sword of electrocution
 W - the +9,+9 bastard sword "Newtslayer" (weapon) {venom, Str-1 Dex+3 Int+3}
   (Okawaru gifted it to you on level 10 of the Dungeon)

   It poisons the flesh of those it strikes.
   It affects your strength (-1).
   It affects your intelligence (+3).
   It affects your dexterity (+3).
 Z - a +3,+4 glaive of distortion {!w}
Missiles
 o - 18 arrows of dispersal
 P - 7 javelins of penetration (quivered)
Armour
 b - a +2 hat of magic resistance (worn)
 h - the +4 shield of Pnisto Gane (worn) {Str+1 Dex+3}
   (Okawaru gifted it to you on level 4 of the Vaults)

   It affects your strength (+1).
   It affects your dexterity (+3).
 j - a +2 large shield
 p - the -2 pair of boots of a labyrinth (worn) {MR+ Acc+3 Dam+4}
   (Okawaru gifted it to you on level 1 of the Depths)

   It affects your accuracy with ranged weapons and melee attacks (+3).
   It affects your damage with ranged weapons and melee attacks (+4).
   It affects your resistance to hostile enchantments.
 q - a +2 shield of reflection
 u - the +0 pair of gloves of Hiaff (worn) {rC+ Dam+5}
   (Okawaru gifted it to you on level 5 of the Vaults)

   It affects your damage with ranged weapons and melee attacks (+5).
   It protects you from cold.
 w - the -4 cloak of the Beggars (worn) {rF++ Acc+5}
   (You found it on level 5 of the Vaults)

   It affects your accuracy with ranged weapons and melee attacks (+5).
   It greatly protects you from fire.
 D - the +3 crown of Dyrovepreva {Hunger rElec Int+2 SInv}
   (You found it on level 5 of the Vaults)

   It affects your intelligence (+2).
   It insulates you from electricity.
   It enhances your eyesight.
   It speeds your metabolism.
 L - the +10 plate armour of Erphiorri {Dex-2 Acc+5}
   (Okawaru gifted it to you on level 11 of the Dungeon)

   It affects your dexterity (-2).
   It affects your accuracy with ranged weapons and melee attacks (+5).
 T - the +1 chain mail of Fegeowot (worn) {Str+1 Dex+5}
   (You took it off a minotaur on level 1 of the Depths)

   It affects your strength (+1).
   It affects your dexterity (+5).
Magical devices
 a - a wand of invisibility (4)
 e - a wand of disintegration (10)
 x - a wand of teleportation (6)
 A - a wand of digging (8)
 Y - a wand of draining (6)
Comestibles
 n - 3 honeycombs
 s - 9 slices of pizza
 H - 7 bread rations
Scrolls
 l - 3 scrolls of teleportation
 z - 3 scrolls of immolation
 C - a scroll of identify
 I - a scroll of recharging
 K - 6 scrolls of remove curse
 M - a scroll of summoning
 O - 2 scrolls of fog
 V - a scroll of enchant armour
Jewellery
 c - the ring of Maehaf (left hand) {MR+ Str+5 Int+3}
   (You took it off a fire giant on level 5 of the Vaults)

   [ring of protection from magic]

   It affects your strength (+5).
   It affects your intelligence (+3).
 k - an uncursed ring of positive energy
 m - an uncursed amulet of clarity
 r - an uncursed ring of protection from cold
 v - the amulet of Ylysint (around neck) {Stasis rC+ MR++ Stlth++}
   (You took it off a fire giant on level 5 of the Vaults)

   [amulet of stasis]

   It protects you from cold.
   It affects your resistance to hostile enchantments.
   It makes you much more stealthy.
 y - the ring of Bresm {Dex+2 Int+3 Acc+5}
   (You found it in a labyrinth)

   [ring of dexterity]

   It affects your dexterity (+2).
   It affects your intelligence (+3).
   It affects your accuracy with ranged weapons and melee attacks (+5).
 E - an uncursed ring of protection from fire
 F - an uncursed amulet of conservation
 N - the ring "Mnu Diot" (right hand) {Fire Str+3 Dex+4}
   (You took it off a fire giant on level 5 of the Vaults)

   [ring of fire]

   It affects your strength (+3).
   It affects your dexterity (+4).
Potions
 d - a potion of haste
 f - 6 potions of curing
 g - a potion of lignification
 t - a potion of magic
 G - a potion of porridge
 R - 2 potions of might
 U - 2 potions of flight
Books
 B - Toidgh's Almanac of Evil Self-Improvement
   (You found it on level 1 of the Elven Halls)

   Spells                             Type                      Level
   Poison Weapon                      Charms/Poison                3
   *Ozocubu's Armour                  Charms/Ice                   3
   Animate Dead                       Necromancy                   4
   Excruciating Wounds                Charms/Necromancy            5
   Iskenderun's Battlesphere          Conjuration/Charms           5
Miscellaneous
 J - a disc of storms
 Q - a lamp of fire
 X - a phial of floods


   Skills:
 + Level 26.5(20.1) Fighting
 + Level 26.3(19.9) Long Blades
 - Level 19.9(14.2) Armour
 - Level 10.5(5.9) Dodging
 - Level 15.1(10.0) Shields
 - Level 3.0(0.0) Translocations
 - Level 8.0(3.7) Invocations


You had 14 spell levels left.
You knew the following spells:

 Your Spells              Type           Power        Failure   Level  Hunger
a - Apportation           Tloc           #.........   96%         1    ##.....
b - Fire Brand            Chrm/Fire      #.........   99%         2    ###....
p - Cure Poison           Pois           #.........   99%         2    ###....
v - Ozocubu's Armour      Chrm/Ice       #.........   100%        3    ####...


Dungeon Overview and Level Annotations

Branches:
Dungeon (15/15)            Temple (0/1) D:4             Orc (4/4) D:10
    Elf (3/3) Orc:3          Lair (8/8) D:11          Swamp (0/5) Lair:5
 Spider (5/5) Lair:4        Slime (0/6) Lair:8       Vaults (5/5) D:14
  Blade (1/1) Vaults:4      Crypt (0/5) Vaults:3     Depths (1/5) D:15

Altars:
Cheibriados
Dithmenos
Kikubaaqudgha
Makhleb
Nemelex Xobeh
Okawaru
Vehumet
Xom
Zin
Jiyva

Shops:
D:14 [   Orc:4 [**   Elf:1 ?   Elf:2 [:!   Elf:3 *   Vaults:1 }:**   Vaults:2 [
Vaults:3 [   Vaults:4 ?}}}   Depths:1 ???*

Portals:
Hell: Depths:1
Trove: D:15 (show slimy rune of Zot)

Annotations:
D:15 slimy rune


Innate Abilities, Weirdness & Mutations

You reflexively headbutt those who attack you in melee.
You have a pair of horns on your head.
You can breathe flames.
Your flesh is cold resistant.
Your flesh is heat resistant.


Message History

Read which item? (? for menu, Esc to quit)
Okay, then.
Evoke which item? (* to show all) (? for menu, Esc to quit)
Okay, then.
You barely miss the large abomination. You headbutt the large abomination!!
The large abomination is moderately damaged.
You block the hellwing's attack. The hellwing barely misses you.
You cut the large abomination into ribbons!!!
The lost soul sacrifices itself to reknit the large abomination!
The deep elf demonologist mumbles some strange words.
You block the large abomination's attack.
The hellwing barely misses you. You block the hellwing's attack.
You cut the large abomination into ribbons!!!
You headbutt the large abomination, but do no damage.
The large abomination is severely damaged.
The deep elf conjurer points at you and mumbles some strange words.
The bolt of negative energy hits the hellwing.
The hellwing completely resists.
The bolt of negative energy hits you!
You feel drained.
You die...

#. #..##########....
#.###...............
#..#..##########....
#...## #.... ##.##
#...) #)# #.... #.#
#.... #X# #.... #@#
#.... #4# #.### #e#
#.#


WW1 #.# ≈4e4≈ #.### .*≈4≈*e #.... ..≈≈e*≈.. ##### #####e##### 143 You could see
a Hell Sentinel, a Brimstone Fiend, a deep elf death mage, 2 deep elf
demonologists, an orange demon, a large abomination, 2 hellwings, 2 spectral
elves, a deep elf conjurer, a sixfirhy, a blue devil, a chaos spawn and 3 lost
souls.

Vanquished Creatures
  An ancient lich (Vaults:5)
  Boris (twice) (Blade Vaults:5)
  Margery (Vaults:5)
  A golden dragon (Vaults:5)
  5 bone dragons
  4 tentacled monstrosities
  A quicksilver dragon (Vaults:5)
  3 storm dragons
  A titan (Vaults:5)
  2 liches
  5 sphinxes
  A large abomination (Vaults:1)
  Agnes (Depths:1)
  Frances (Elf:1)
  7 tengu reavers
  Kirke (D:15)
  3 shadow dragons
  10 fire giants
  4 ghost moths (Spider:5)
  7 frost giants
  Maud (Lair:7)
  3 iron dragons
  An orc warlord (Spider:1)
  Louise (Elf:1)
  17 emperor scorpions
  3 deep elf sorcerers
  Gastronok (D:12)
  17 vault wardens
  Jorgrun (Vaults:2)
  A spriggan defender (Depths:1)
  3 war gargoyles
  4 rakshasas (Depths:1)
  7 deep elf demonologists
  A vampire knight (D:15)
  21 stone giants
  5 deep elf annihilators
  3 dire elephants
  19 ettins
  A spectral quicksilver dragon (Vaults:5)
  4 deep elf death magi
  11 fire dragons
  23 vault guards
  10 minotaurs
  Josephine (Elf:1)
  A siren (shapeshifter) (D:15)
  2 deep elf high priests
  18 yaktaur captains
  12 ironheart preservers
  9 ice dragons
  3 great orbs of eyes
  2 naga warriors (Spider:1)
  5 hydras
  Harold (D:10)
  20 dancing weapons
  9 deep troll earth magi
  A spriggan air mage (Depths:1)
  2 ravenous feature mimics
  9 death yaks
  19 ogre magi
  5 deep troll shamans
  Urug (D:11)
  11 centaur warriors
  A storm dragon zombie (Vaults:5)
  14 hell knights
  An orc high priest (Orc:3)
  Nergalle (D:12)
  9 very ugly things
  A sun demon (Orc:3)
  9 iron trolls
  3 skeletal warriors (D:12)
  4 fire crabs
  19 deep elf knights
  5 shadow wraiths
  A catoblepas (Depths:1)
  Erolcha (D:10)
  18 orb spiders
  An orb spider (shapeshifter) (Vaults:5)
  2 unseen horrors
  2 giant orange brains
  20 ironbrand convokers
  A flayed ghost (Depths:1)
  An ice statue (IceCv)
  3 harpies (Vaults:4)
  5 deep elf summoners
  A spectral human (Vaults:5)
  2 flaming corpses (Vaults:3)
  Pikel (D:6)
  A harpy (shapeshifter) (Depths:1)
  21 orc knights
  21 deep trolls
  A lindwurm (shapeshifter) (Vaults:5)
  Joseph (D:12)
  13 deep elf conjurers
  32 wolf spiders
  4 manticores
  A manticore (shapeshifter) (Vaults:5)
  6 necromancers
  A stone giant zombie (Depths:1)
  An oklob plant (Lair:3)
  11 hill giants
  A human zombie (Vaults:5)
  3 wizards
  5 phantasmal warriors
  11 griffons
  19 slime creatures
  2 small abominations (Vaults:4)
  8 cyclopes
  9 red wasps
  10 elephants
  A moth of wrath (shapeshifter) (Vaults:4)
  A hell beast (Vaults:5)
  A guardian serpent (shapeshifter) (Vaults:4)
  A sixfirhy (Elf:3)
  A frost giant skeleton (Vaults:5)
  2 black mambas
  12 vault sentinels
  A spiny frog (shapeshifter) (D:15)
  2 feature mimics
  An orange demon (Elf:3)
  A gargoyle (D:13)
  A vapour (WizLab)
  Psyche (Orc:1)
  A yaktaur zombie (Vaults:5)
  8 spiny frogs
  3 kobold demonologists (Vaults:1)
  A hellwing (Elf:3)
  52 yaktaurs
  A jumping spider (shapeshifter) (Vaults:5)
  2 komodo dragons (shapeshifter)
  A hydra zombie (D:9)
  19 demonic crawlers
  2 komodo dragons
  A queen bee (D:13)
  23 deep elf priests
  34 jumping spiders
  A troll (shapeshifter) (D:15)
  7 trolls
  2 tengu conjurers
  4 fire drakes
  8 giant fireflies (Lair:8)
  24 polar bears
  8 freezing wraiths
  A spectral elf (Elf:3)
  Prince Ribbit (Orc:1)
  A boggart (shapeshifter) (Depths:1)
  26 two-headed ogres
  21 boggarts
  6 boulder beetles
  A grizzly bear (shapeshifter) (Vaults:4)
  A raiju (shapeshifter) (Vaults:4)
  9 grizzly bears
  25 deep elf magi
  An ettin zombie (Vaults:5)
  A trapdoor spider zombie (D:11)
  A brown ooze (shapeshifter) (Vaults:1)
  A baby alligator (shapeshifter) (Depths:1)
  4 ravens (D:12)
  An ice dragon zombie (Depths:1)
  6 basilisks
  4 blink frogs (Lair:3)
  A flying skull (Vaults:3)
  4 air elementals (WizLab)
  57 redbacks
  6 sharks
  20 trapdoor spiders
  44 ugly things
  7 wyverns
  2 vampires
  A redback (shapeshifter) (Vaults:5)
  31 tarantellas
  3 elephant slugs
  A neqoxec (Elf:3)
  2 hungry ghosts
  Eustachio (Orc:1)
  A human (shapeshifter) (Depths:1)
  13 spriggans (Lair:8)
  6 vampire mosquitoes
  5 hogs
  A shadow (D:15)
  Grum (Orc:1)
  39 yaks
  A human (D:14)
  A wyvern (shapeshifter) (Depths:1)
  34 deep elf fighters
  4 wraiths
  25 hippogriffs
  2 steam dragons
  6 wargs
  An iron troll simulacrum (Vaults:1)
  2 swamp worms (Lair:5)
  A soldier ant (D:13)
  3 mottled dragons
  31 wolves
  2 nagas (Spider:1)
  A necrophage (D:11)
  A hell hound (Lair:6)
  10 water moccasins
  13 porcupines
  62 orc warriors
  80 ogres
  45 spiders
  3 phantoms
  3 yellow wasps
  6 giant goldfish
  19 ice beasts
  6 black bears
  18 centaurs
  3 elf skeletons (Elf:1)
  2 sky beasts
  A komodo dragon zombie (D:13)
  5 big kobolds
  10 crocodiles
  9 giant slugs
  10 giant frogs
  A brain worm (shapeshifter) (Depths:1)
  2 big kobolds (shapeshifter)
  13 scorpions
  2 elf simulacra (Elf:1)
  7 wights
  An eye of draining (D:13)
  62 killer bees
  7 electric eels
  4 quasits
  A vampire bat (D:9)
  A troll skeleton (D:11)
  3 goliath beetles
  2 centaur zombies
  9 crimson imps
  A jelly (shapeshifter) (Vaults:5)
  9 hounds
  2 two-headed ogre zombies
  10 big fish
  5 jellies
  Crazy Yiuf (D:6)
  An elf zombie (Elf:1)
  18 orc priests
  2 centaur skeletons
  A giant frog zombie (D:6)
  4 iguanas
  An iron imp (Orc:1)
  28 orc wizards
  Natasha (twice) (D:4)
  A black bear skeleton (D:9)
  An iguana (shapeshifter) (Vaults:4)
  A killer bee zombie (D:6)
  7 worker ants
  Ijyb (D:3)
  Jessica (D:2)
  An ogre zombie (Depths:1)
  27 sheep
  2 mummies
  56 green rats
  17 adders
  7 shadow imps
  A white imp (Orc:1)
  3 giant mites
  A goliath beetle zombie (D:13)
  6 worms
  3 ufetubi
  An iguana zombie (D:10)
  4 adder zombies
  4 giant eyeballs
  9 giant geckos
  255 orcs
  2 ball pythons
  5 bat skeletons (D:9)
  2 bat zombies
  11 giant cockroaches
  13 goblins
  21 hobgoblins
  12 jackals
  24 kobolds
  13 quokkas
  24 bats
  A giant gecko skeleton (D:4)
  6 giant newts
  A giant spore (D:14)
  A goblin skeleton (D:4)
  A hobgoblin skeleton (D:4)
  A jackal skeleton (D:8)
  2 orc skeletons
  An orc zombie (D:5)
  21 rats
  A rat skeleton (D:3)
  9 ballistomycetes (D:14)
  A bush (Lair:3)
  3 crawling corpses
  3 fungi
2451 creatures vanquished.

Vanquished Creatures (collateral kills)
  An orange demon (Vaults:5)
1 creature vanquished.

Vanquished Creatures (others)
  A tengu reaver (Depths:1)
  A deep elf annihilator (Vaults:5)
  14 vault guards (Vaults:5)
  Erica (D:11)
  A deep troll (Depths:1)
  An orb spider (Spider:4)
  A vault sentinel (Vaults:3)
  4 yaktaurs (Vaults:5)
  A redback zombie (Vaults:5)
  A redback (Vaults:5)
  A tarantella (Vaults:5)
  2 fire elementals (Vaults:5)
  An ugly thing (Depths:1)
  A neqoxec (Depths:1)
  2 deep elf fighters
  An ogre (Depths:1)
  2 lost souls (Elf:3)
  A scorpion (D:6)
  A giant eyeball (Depths:1)
  4 orcs
  A fungus (Lair:4)
43 creatures vanquished.

Grand Total: 2495 creatures vanquished

Notes
Turn   | Place    | Note
--------------------------------------------------------------
     0 | D:1      | BoredOne, the Minotaur Fighter, began the quest for the Orb.
     0 | D:1      | Reached XP level 1. HP: 19/19 MP: 1/1
   389 | D:1      | Reached XP level 2. HP: 27/27 MP: 1/1
   417 | D:1      | Reached skill level 4 in Fighting
   773 | D:1      | Reached skill level 3 in Long Blades
   998 | D:2      | Noticed Jessica
  1006 | D:2      | Killed Jessica
  1006 | D:2      | Reached skill level 4 in Shields
  1006 | D:2      | Reached XP level 3. HP: 30/34 MP: 2/2
  1668 | D:2      | Reached XP level 4. HP: 41/41 MP: 2/2
  2634 | D:3      | Found an iron altar of Okawaru.
  2634 | D:3      | Found a sparkling altar of Nemelex Xobeh.
  2638 | D:3      | Became a worshipper of Warmaster Okawaru
  2842 | D:3      | Reached skill level 5 in Fighting
  2967 | D:3      | Reached skill level 4 in Long Blades
  3015 | D:3      | Noticed Ijyb
  3035 | D:3      | Killed Ijyb
  3195 | D:3      | Found a shimmering altar of Xom.
  3223 | D:4      | Reached XP level 5. HP: 48/48 MP: 2/2
  3483 | D:4      | Found a staircase to the Ecumenical Temple.
  3512 | D:4      | Reached skill level 5 in Shields
  3861 | D:4      | Reached XP level 6. HP: 43/57 MP: 3/3
  3952 | D:4      | Reached skill level 6 in Fighting
  4283 | D:4      | Reached skill level 5 in Long Blades
  4565 | D:4      | Noticed Natasha
  4573 | D:4      | Killed Natasha
  4692 | D:4      | Noticed Natasha
  4700 | D:4      | Killed Natasha
  4729 | D:5      | Entered Level 5 of the Dungeon
  4835 | D:5      | Acquired Okawaru's first power
  5105 | D:5      | Reached skill level 6 in Shields
  5105 | D:5      | Reached XP level 7. HP: 46/64 MP: 3/3
  5184 | D:5      | Reached skill level 7 in Fighting
  5184 | D:5      | Reached skill level 6 in Long Blades
  5393 | D:5      | Found a shadowy altar of Dithmenos.
  5705 | D:5      | Reached skill level 7 in Shields
  5717 | D:5      | Reached XP level 8. HP: 57/74 MP: 2/3
  6318 | D:5      | Reached skill level 7 in Long Blades
  6347 | D:5      | Found a shadowy altar of Dithmenos.
  6613 | D:5      | Reached skill level 8 in Fighting
  6949 | D:6      | Noticed Pikel
  6964 | D:6      | Killed Pikel
  6964 | D:6      | Reached skill level 9 in Fighting
  6964 | D:6      | Reached skill level 8 in Long Blades
  6964 | D:6      | Reached skill level 8 in Shields
  6990 | D:6      | Got a ripped robe
  7000 | D:6      | Identified the cursed +0 robe "Greff" {Str+1 Dam-3} (You found it on level 6 of the Dungeon)
  7201 | D:6      | Found a glowing silver altar of Zin.
  7224 | D:6      | Reached XP level 9. HP: 54/83 MP: 4/4
  7431 | D:6      | Noticed Crazy Yiuf
  7439 | D:6      | Killed Crazy Yiuf
  7735 | D:7      | Reached skill level 9 in Shields
  7744 | D:7      | Reached skill level 9 in Long Blades
  8998 | D:8      | Reached skill level 10 in Fighting
  9191 | D:8      | HP: 17/85 [something (4)]
  9193 | D:8      | HP: 5/85 [deep elf fighter/puff of flame (7)]
  9405 | D:8      | Reached skill level 10 in Long Blades
  9405 | D:8      | Reached skill level 1 in Invocations
  9513 | D:8      | Reached skill level 10 in Shields
  9708 | D:8      | Reached skill level 2 in Invocations
  9825 | D:8      | Reached XP level 10. HP: 74/94 MP: 6/7
 10600 | D:8      | Reached skill level 3 in Invocations
 10996 | D:9      | Acquired Okawaru's second power
 10996 | D:9      | Reached skill level 11 in Fighting
 10996 | D:9      | Reached skill level 11 in Long Blades
 11090 | D:9      | Received a gift from Okawaru
 11181 | D:9      | Noticed a cyclops
 11199 | D:9      | Killed a cyclops
 11199 | D:9      | Reached skill level 11 in Shields
 11199 | D:9      | Reached skill level 4 in Invocations
 12104 | D:9      | Found an ancient bone altar of Kikubaaqudgha.
 12152 | D:9      | Noticed a cyclops
 12168 | D:9      | Killed a cyclops
 12168 | D:9      | Reached skill level 5 in Invocations
 12168 | D:9      | Reached XP level 11. HP: 63/103 MP: 13/13
 12641 | D:10     | Entered Level 10 of the Dungeon
 12675 | D:10     | Received a gift from Okawaru
 12757 | D:10     | Found a staircase to the Orcish Mines.
 12969 | D:10     | Noticed a hill giant
 12978 | D:10     | Killed a hill giant
 13157 | D:10     | Reached skill level 12 in Long Blades
 13171 | D:10     | Reached skill level 12 in Fighting
 13194 | D:10     | Reached skill level 6 in Invocations
 13212 | D:10     | Reached skill level 12 in Shields
 13323 | D:10     | Paralysed by a giant eyeball for 4 turns
 13345 | D:10     | Noticed Erolcha
 13356 | D:10     | Killed Erolcha
 13407 | D:10     | Noticed Harold
 13426 | D:10     | Killed Harold
 13805 | D:10     | Received a gift from Okawaru
 13811 | D:10     | Got an iridescent bastard sword {god gift}
 13813 | D:10     | Identified the +9,+9 bastard sword "Newtslayer" {venom, Str-1 Dex+3 Int+3} (Okawaru gifted it to you on level 10 of the Dungeon)
 14116 | D:11     | Noticed a hill giant
 14122 | D:11     | Killed a hill giant
 14122 | D:11     | Reached skill level 7 in Invocations
 14162 | D:11     | Reached XP level 12. HP: 86/113 MP: 19/19
 14364 | D:11     | Found a staircase to the Lair.
 14370 | D:11     | Noticed Erica
 14381 | D:11     | Noticed Urug
 14381 | D:11     | Killed Erica
 14393 | D:11     | Reached skill level 13 in Long Blades
 14401 | D:11     | HP: 5/113 [Urug/runed glaive (27)]
 14402 | D:11     | Killed Urug
 14402 | D:11     | Reached skill level 13 in Fighting
 14692 | D:11     | Reached skill level 13 in Shields
 14805 | D:11     | Received a gift from Okawaru
 14811 | D:11     | Got a polished plate armour {god gift}
 14830 | D:11     | Identified the +10 plate armour of Erphiorri {Dex-2 Acc+5} (Okawaru gifted it to you on level 11 of the Dungeon)
 14967 | D:11     | Noticed a six-headed hydra
 14974 | D:11     | Killed a five-headed hydra
 14974 | D:11     | Reached skill level 8 in Invocations
 15225 | D:12     | Noticed Gastronok
 15247 | D:12     | Killed Gastronok
 15815 | D:12     | Noticed Joseph
 15840 | D:12     | Killed Joseph
 15840 | D:12     | Reached skill level 14 in Long Blades
 15844 | D:12     | Reached skill level 14 in Fighting
 16136 | D:12     | Noticed Nergalle
 16147 | D:12     | Reached skill level 14 in Shields
 16172 | D:12     | Killed Nergalle
 16172 | D:12     | Reached XP level 13. HP: 86/124 MP: 21/21
 16732 | D:13     | Found a flagged portal.
 16744 | Bailey   | Entered a bailey
 17277 | Bailey   | HP: 23/125 [orc knight/halberd (9)]
 17783 | D:13     | Received a gift from Okawaru
 19081 | D:13     | Reached skill level 15 in Long Blades
 19308 | D:13     | Reached skill level 15 in Fighting
 19452 | D:13     | Reached skill level 15 in Shields
 19645 | D:13     | Received a gift from Okawaru
 19776 | Lair:1   | Entered Level 1 of the Lair of Beasts
 20502 | Lair:2   | Reached skill level 4 in Armour
 21477 | Lair:3   | Got a transparent dagger
 21490 | Lair:3   | Identified the cursed +3,+6 dagger "BoredOne's Death" {elec, rC+ MR+} (You found it on level 3 of the Lair of Beasts)
 21522 | Lair:3   | Reached skill level 5 in Armour
 22378 | Lair:4   | Found a hole to the Spider Nest.
 22386 | Lair:4   | Reached XP level 14. HP: 136/136 MP: 21/21
 22953 | Lair:5   | Gained mutation: You can breathe flames. [helix card]
 23090 | Lair:5   | Reached skill level 6 in Armour
 23095 | Lair:5   | Received a gift from Okawaru
 23337 | Lair:5   | Reached skill level 16 in Fighting
 23486 | Lair:5   | Found a staircase to the Swamp.
 23634 | Lair:6   | Reached skill level 16 in Long Blades
 23694 | Lair:6   | Found a hole to the Spider Nest.
 23717 | Lair:6   | the hole to the Spider Nest was a mimic.
 23834 | Lair:6   | Reached skill level 7 in Armour
 24336 | Lair:6   | Reached skill level 8 in Armour
 24358 | Lair:6   | Received a gift from Okawaru
 24766 | Lair:7   | Noticed Maud
 24782 | Lair:7   | Killed Maud
 25119 | Lair:7   | Found a snail-covered altar of Cheibriados.
 25674 | Lair:8   | Entered Level 8 of the Lair of Beasts
 25832 | Lair:8   | Found a labyrinth entrance.
 25884 | Lab      | Entered a labyrinth
 26752 | Lab      | Reached skill level 9 in Armour
 26757 | Lab      | Got a fine jade ring
 26757 | Lab      | Identified the Grimoire of Harmful Weightlessness
 26782 | Lair:8   | Identified the ring of Bresm {Dex+2 Int+3 Acc+5} (You found it in a labyrinth)
 26819 | Lair:8   | Reached skill level 17 in Fighting
 26883 | Lair:8   | Received a gift from Okawaru
 26928 | Lair:8   | Got a dazzling shield {god gift}
 26954 | Lair:8   | Reached XP level 15. HP: 123/147 MP: 22/22
 26955 | Lair:8   | Reached skill level 17 in Long Blades
 26977 | Lair:8   | Identified the +1 shield of Inaction {+Blink rC+} (Okawaru gifted it to you on level 8 of the Lair of Beasts)
 27290 | Lair:8   | Found a viscous altar of Jiyva.
 27291 | Lair:8   | Found a staircase to the Slime Pits.
 27493 | Lair:8   | Reached skill level 10 in Armour
 28827 | Orc:1    | Entered Level 1 of the Orcish Mines
 28828 | Orc:1    | Noticed Prince Ribbit
 28849 | Orc:1    | Killed Prince Ribbit
 28984 | Orc:1    | Noticed Eustachio
 28986 | Orc:1    | Noticed Grum
 28986 | Orc:1    | Noticed Psyche
 29000 | Orc:1    | Killed Psyche
 29031 | Orc:1    | Killed Eustachio
 29036 | Orc:1    | Killed Grum
 29042 | Orc:1    | Received a gift from Okawaru
 29045 | Orc:1    | Got a faintly humming robe {god gift}
 29059 | Orc:1    | Identified the +2 robe "Skun Pon" {Str+2 Dex+3} (Okawaru gifted it to you on level 1 of the Orcish Mines)
 29334 | Orc:2    | Found a frozen archway.
 29372 | IceCv    | Entered an ice cave
 29721 | IceCv    | Reached skill level 18 in Fighting
 29925 | IceCv    | Got an ichor-stained halberd
 30033 | IceCv    | Reached skill level 11 in Armour
 30756 | Orc:3    | Found a radiant altar of Vehumet.
 30967 | Orc:3    | Found a staircase to the Elven Halls.
 31409 | Orc:4    | Entered Level 4 of the Orcish Mines
 31460 | Orc:4    | Found a burning altar of Makhleb.
 31843 | Orc:4    | Found Inulalad's General Store.
 31843 | Orc:4    | Found Vaasmem's Magic Scroll Shoppe.
 31846 | Orc:4    | Found Cais' Assorted Antiques.
 31860 | Orc:4    | Found Suleucki's Armour Boutique.
 31876 | Orc:4    | Reached skill level 18 in Long Blades
 31996 | Orc:4    | Bought a scroll of teleportation for 36 gold pieces
 31996 | Orc:4    | Bought a scroll of magic mapping for 42 gold pieces
 31996 | Orc:4    | Bought a scroll of enchant weapon I for 42 gold pieces
 31996 | Orc:4    | Bought a scroll of identify for 24 gold pieces
 31996 | Orc:4    | Bought a scroll of remove curse for 36 gold pieces
 31996 | Orc:4    | Bought a scroll of teleportation for 36 gold pieces
 31996 | Orc:4    | Bought a scroll of enchant weapon I for 42 gold pieces
 31996 | Orc:4    | Bought a scroll of remove curse for 36 gold pieces
 31996 | Orc:4    | Bought a scroll of fear for 42 gold pieces
 31996 | Orc:4    | Bought a scroll of teleportation for 36 gold pieces
 31998 | Orc:4    | Bought a scroll of blinking for 105 gold pieces
 31998 | Orc:4    | Bought a scroll of enchant weapon II for 77 gold pieces
 31998 | Orc:4    | Bought a scroll of enchant weapon II for 77 gold pieces
 31998 | Orc:4    | Bought a potion of curing for 28 gold pieces
 32233 | Orc:4    | Received a gift from Okawaru
 32237 | Orc:4    | Got an iridescent claymore {god gift}
 32244 | Orc:4    | Identified the +0,+1 claymore of Jiumimeo {flame, +Blink rC+ rN+} (Okawaru gifted it to you on level 4 of the Orcish Mines)
 32245 | Orc:4    | Identified the +8,+6 halberd "Kowkouva" {freeze, rF++ rC++} (You found it in an ice cave)
 32927 | Lair:2   | Gained mutation: Your flesh is cold resistant. [potion of beneficial mutation]
 33181 | D:14     | Found Scheac's Armour Emporium.
 33222 | D:14     | Learned a level 1 spell: Apportation
 33430 | D:14     | You fall through a shaft!
 33430 | D:15     | Entered Level 15 of the Dungeon
 33585 | D:15     | Reached skill level 12 in Armour
 33775 | D:15     | Noticed Kirke
 33783 | D:15     | Killed Kirke
 33783 | D:15     | Reached XP level 16. HP: 159/159 MP: 23/23
 33785 | D:15     | Got a steaming platinum ring
 33786 | D:15     | Identified the ring "Kauklaem" {rC+ Acc-3} (You took it off Kirke on level 15 of the Dungeon)
 33787 | D:15     | Identified a scroll of acquirement
 33900 | D:15     | Found a staircase to the Depths.
 33905 | D:15     | Received a gift from Okawaru
 33947 | D:15     | Found a portal to a secret trove of treasure.
 34656 | D:14     | Found a gate to the Vaults.
 34960 | Spider:1 | Entered Level 1 of the Spider Nest
 34966 | Spider:1 | Got a crystal hand axe
 35023 | Spider:1 | Reached skill level 19 in Fighting
 35547 | Spider:1 | Reached skill level 13 in Armour
 36216 | Spider:2 | Reached skill level 19 in Long Blades
 36555 | Spider:2 | Received a gift from Okawaru
 36559 | Spider:2 | Gained mutation: Your mind is acute. (Int +2) [potion of mutation]
 36559 | Spider:2 | Lost mutation: Your mind is acute. (Int +2) [potion of mutation]
 36559 | Spider:2 | Gained mutation: Your flesh is heat resistant. [potion of mutation]
 36577 | Spider:2 | Got an ebony falchion {god gift}
 36578 | Spider:2 | Identified the +3,-1 falchion "Veucw" {drain, MR+} (Okawaru gifted it to you on level 2 of the Spider Nest)
 36579 | Spider:2 | Identified the +0,+0 hand axe "Vusoz" {venom, rC+ Int-3 Stlth} (You found it on level 1 of the Spider Nest)
 38170 | Spider:4 | Received a gift from Okawaru
 38171 | Spider:4 | Reached skill level 14 in Armour
 38204 | Spider:4 | HP: 26/162 [disintegration (31)]
 38743 | Spider:4 | Got a faintly glowing turquoise ring
 39135 | Spider:4 | HP: 25/162 [disintegration (42)]
 39642 | Spider:4 | Reached XP level 17. HP: 143/170 MP: 23/23
 39717 | Spider:4 | Paralysed by a red wasp for 3 turns
 40286 | Spider:5 | Entered Level 5 of the Spider Nest
 40580 | Spider:5 | Reached skill level 20 in Fighting
 41131 | Spider:5 | Reached skill level 20 in Long Blades
 41135 | Spider:5 | Received a gift from Okawaru
 41136 | Spider:5 | Reached skill level 15 in Armour
 41445 | Spider:5 | Got a gossamer rune of Zot
 41839 | Spider:5 | Was placed under penance by Okawaru
 42878 | Depths:1 | Entered Level 1 of the Depths
 43037 | Vaults:1 | Entered Level 1 of the Vaults
 43041 | Vaults:1 | Was forgiven by Okawaru
 43088 | Vaults:1 | Found Jasik's Assorted Antiques.
 43138 | Vaults:1 | Found Gisatat's Food Shoppe.
 43143 | Vaults:1 | Bought a scroll of teleportation for 138 gold pieces
 43143 | Vaults:1 | Bought a potion of curing for 92 gold pieces
 43143 | Vaults:1 | Bought a scroll of identify for 92 gold pieces
 43143 | Vaults:1 | Bought a scroll of enchant weapon I for 161 gold pieces
 43143 | Vaults:1 | Bought a potion of curing for 92 gold pieces
 43143 | Vaults:1 | Bought a scroll of identify for 92 gold pieces
 43144 | Vaults:1 | Identified the ring "Xutynete" {+/*Tele rF+} (You found it on level 4 of the Spider Nest)
 43254 | Vaults:1 | Bought a pear for 7 gold pieces
 43254 | Vaults:1 | Bought a bread ration for 48 gold pieces
 43254 | Vaults:1 | Bought a bread ration for 48 gold pieces
 43254 | Vaults:1 | Bought a meat ration for 55 gold pieces
 43254 | Vaults:1 | Bought an apple for 7 gold pieces
 43254 | Vaults:1 | Bought a pear for 7 gold pieces
 43254 | Vaults:1 | Bought a lemon for 11 gold pieces
 43254 | Vaults:1 | Bought a bread ration for 48 gold pieces
 43254 | Vaults:1 | Bought a pear for 7 gold pieces
 43254 | Vaults:1 | Bought a pear for 7 gold pieces
 43254 | Vaults:1 | Bought a slice of pizza for 16 gold pieces
 43254 | Vaults:1 | Bought an apple for 7 gold pieces
 43359 | Vaults:1 | Found Feafurergh's Book Boutique.
 43762 | Vaults:1 | Found Kli Stughytz's Gadget Boutique.
 44096 | Vaults:1 | Reached skill level 16 in Armour
 44158 | Vaults:1 | Reached XP level 18. HP: 180/180 MP: 25/25
 44210 | Vaults:1 | Reached skill level 21 in Fighting
 44730 | Vaults:1 | Reached skill level 21 in Long Blades
 44743 | Vaults:1 | Identified a +4 rod of shadows (10/10) (You found it on level 1 of the Vaults)
 44896 | Vaults:1 | Found Wudah's Assorted Antiques.
 44907 | Vaults:1 | Bought a lamp of fire for 1360 gold pieces
 44907 | Vaults:1 | Bought a scroll of enchant weapon I for 119 gold pieces
 45159 | Vaults:2 | Received a gift from Okawaru
 46010 | Vaults:2 | Found Clianuh's Armour Boutique.
 46020 | Vaults:2 | Noticed Jorgrun
 46040 | Vaults:2 | Killed Jorgrun
 46326 | Vaults:2 | Reached skill level 17 in Armour
 47595 | Vaults:3 | Received a gift from Okawaru
 47962 | Vaults:3 | Found Trugeo's Armour Shop.
 47970 | Vaults:3 | Bought the cursed +0 pair of boots of Hairiness {Str+2 Int-4 Curse} for 81 gold pieces
 48131 | Vaults:3 | Found a staircase to the Crypt.
 49420 | Vaults:4 | Found Ehuywnul's Gadget Shoppe.
 49435 | Vaults:4 | Reached XP level 19. HP: 185/191 MP: 25/25
 49455 | Vaults:4 | Found a staircase to the Hall of Blades.
 49510 | Vaults:4 | Reached skill level 22 in Fighting
 49513 | Vaults:4 | Found Kaygoar's Magic Scroll Emporium.
 49521 | Vaults:4 | Bought a scroll of identify for 40 gold pieces
 49521 | Vaults:4 | Bought a scroll of teleportation for 60 gold pieces
 49521 | Vaults:4 | Bought a scroll of identify for 40 gold pieces
 49521 | Vaults:4 | Bought a scroll of blinking for 150 gold pieces
 49521 | Vaults:4 | Bought a scroll of identify for 40 gold pieces
 49541 | Vaults:4 | Found Guoz's Gadget Emporium.
 49664 | Vaults:4 | Received a gift from Okawaru
 49673 | Vaults:4 | Got a dazzling shield {god gift}
 49838 | Vaults:4 | Found a magical portal.
 49848 | WizLab   | Entered a wizard's laboratory
 50017 | WizLab   | HP: 31/191 [something/bolt of lightning (29)]
 50459 | Vaults:4 | Found Ituodd's Gadget Boutique.
 50492 | Vaults:4 | Reached skill level 22 in Long Blades
 50506 | Vaults:4 | Identified the +4 shield of Pnisto Gane {Str+1 Dex+3} (Okawaru gifted it to you on level 4 of the Vaults)
 50610 | Blade    | Entered the Hall of Blades
 50626 | Blade    | Reached skill level 18 in Armour
 51084 | Blade    | Noticed Boris
 51095 | Blade    | Killed Boris
 53654 | Vaults:5 | Entered Level 5 of the Vaults
 53656 | Vaults:5 | Noticed a bone dragon
 54339 | Vaults:4 | Received a gift from Okawaru
 54942 | Vaults:5 | Noticed an ancient lich
 54956 | Vaults:5 | Killed an ancient lich
 54968 | Vaults:5 | Reached skill level 19 in Armour
 55036 | Vaults:5 | HP: 38/193 [quicksilver dragon/bolt of dispelling energy (18)]
 55038 | Vaults:5 | Noticed a bone dragon
 56195 | Vaults:5 | HP: 56/289 [spectral quicksilver dragon/bolt of dispelling energy[a deep elf death mage] (17)]
 56200 | Vaults:5 | HP: 52/289 [small abomination[a deep elf death mage] (5)]
 56205 | Vaults:5 | Reached XP level 20. HP: 47/202 MP: 21/25
 56205 | Vaults:5 | HP: 29/303 [bone dragon (18)]
 56210 | Vaults:5 | HP: 27/303 [bone dragon (1)]
 56379 | Vaults:4 | Reached skill level 23 in Fighting
 56655 | Vaults:4 | Killed a bone dragon
 56964 | Vaults:5 | Reached skill level 23 in Long Blades
 57015 | Vaults:5 | Got a steaming bone ring
 57100 | Vaults:5 | Got a scintillating bone ring
 57395 | Vaults:5 | Noticed a golden dragon
 57401 | Vaults:5 | Killed a golden dragon
 57626 | Vaults:5 | Got a bloodstained flail {drain}
 57632 | Vaults:5 | Got an iridescent flail
 57633 | Vaults:5 | Identified the +3,+7 flail of Strol {drain, Noisy +Fly rF++ Str+2} (You took it off a deep elf mage on level 5 of the Vaults)
 57634 | Vaults:5 | Identified the +8,+4 flail "Jepsorug" {crush, rF+ rC+ Str-2 Int+1} (You found it on level 5 of the Vaults)
 57695 | Vaults:5 | Received a gift from Okawaru
 57700 | Vaults:5 | Got a pair of polished gloves {god gift}
 57832 | Vaults:5 | HP: 39/204 [deep elf high priest/divine providence (13)]
 57845 | Vaults:4 | HP: 39/204 [phantasmal warrior (5)]
 58279 | Vaults:5 | Noticed Margery
 58377 | Vaults:4 | Reached skill level 1 in Dodging
 58597 | Vaults:4 | Bought a wand of disintegration (8) for 228 gold pieces
 58644 | Vaults:4 | Reached skill level 2 in Dodging
 58716 | Vaults:4 | Killed a bone dragon
 58962 | D:11     | Identified the +0 pair of gloves of Hiaff {rC+ Dam+5} (Okawaru gifted it to you on level 5 of the Vaults)
 59121 | Depths:1 | Paralysed by a giant eyeball for 4 turns
 59136 | D:15     | Reached skill level 3 in Dodging
 59324 | Depths:1 | Paralysed by a giant eyeball for 4 turns
 59353 | D:15     | Reached skill level 1 in Translocations
 59676 | Depths:1 | Paralysed by a giant eyeball for 3 turns
 59916 | Depths:1 | Paralysed by a giant eyeball for 2 turns
 59924 | D:15     | Paralysed by a giant eyeball for 3 turns
 59933 | D:15     | Reached skill level 4 in Dodging
 60214 | Depths:1 | Reached skill level 2 in Translocations
 60215 | Depths:1 | HP: 37/206 [yaktaur captain/ bolt (13)]
 60634 | Depths:1 | Reached XP level 21. HP: 161/213 MP: 26/26
 60777 | Depths:1 | Reached skill level 5 in Dodging
 61210 | Depths:1 | Received a gift from Okawaru
 61210 | Depths:1 | Reached skill level 24 in Fighting
 61766 | Depths:1 | Reached skill level 3 in Translocations
 61800 | Depths:1 | Identified the ring of Maehaf {MR+ Str+5 Int+3} (You took it off a fire giant on level 5 of the Vaults)
 61862 | Depths:1 | Reached skill level 6 in Dodging
 61882 | Depths:1 | Received a gift from Okawaru
 62073 | Depths:1 | Reached skill level 24 in Long Blades
 62436 | Depths:1 | Paralysed by a giant eyeball for 4 turns
 62687 | Depths:1 | Reached skill level 7 in Dodging
 62846 | Depths:1 | Noticed a tentacled monstrosity
 63124 | Depths:1 | Killed a tentacled monstrosity
 63169 | Depths:1 | Found Fitzatu's Magic Scroll Shoppe.
 63170 | Depths:1 | Found Peipsag's Magic Scroll Shop.
 63170 | Depths:1 | Found Anausai's General Store.
 63170 | Depths:1 | Found Poqezem's Magic Scroll Boutique.
 63179 | Depths:1 | Found a gateway to Hell.
 63192 | Depths:1 | Bought a scroll of enchant weapon II for 93 gold pieces
 63200 | Depths:1 | Bought a scroll of silence for 112 gold pieces
 63200 | Depths:1 | Bought a scroll of identify for 30 gold pieces
 63200 | Depths:1 | Bought a scroll of teleportation for 45 gold pieces
 63222 | Depths:1 | Bought a scroll of identify for 34 gold pieces
 63274 | Depths:1 | Got an amethyst-studded chain mail
 63300 | Depths:1 | Reached skill level 8 in Dodging
 63320 | Depths:1 | Identified the +1 chain mail of Fegeowot {Str+1 Dex+5} (You took it off a minotaur on level 1 of the Depths)
 63331 | Depths:1 | Identified the ring "Mnu Diot" {Fire Str+3 Dex+4} (You took it off a fire giant on level 5 of the Vaults)
 64060 | Depths:1 | Noticed Agnes
 64075 | Depths:1 | Killed Agnes
 64292 | Depths:1 | Reached skill level 9 in Dodging
 64309 | Depths:1 | Received a gift from Okawaru
 65298 | Depths:1 | Reached XP level 22. HP: 161/224 MP: 27/27
 65747 | Depths:1 | Reached skill level 10 in Dodging
 65751 | Depths:1 | Reached skill level 25 in Fighting
 65784 | Depths:1 | Received a gift from Okawaru
 65789 | Depths:1 | Got a pair of fine boots {god gift}
 65793 | Depths:1 | Identified the -2 pair of boots of a labyrinth {MR+ Acc+3 Dam+4} (Okawaru gifted it to you on level 1 of the Depths)
 67380 | Vaults:5 | Got a silver rune of Zot
 67463 | Vaults:5 | Got a steaming bow
 67466 | Vaults:5 | Noticed a bone dragon
 67474 | Vaults:5 | Killed a bone dragon
 67474 | Vaults:5 | Reached skill level 25 in Long Blades
 67487 | Vaults:5 | Learned a level 2 spell: Cure Poison
 67489 | Vaults:5 | Got a transparent short sword
 67496 | Vaults:5 | Identified the +10,+6 short sword of Conversion {flame, +Rage rN+} (You found it on level 5 of the Vaults)
 67497 | Vaults:5 | Identified the +8,+9 bow of Change {frost, +Blink Stlth+} (You found it on level 5 of the Vaults)
 67515 | Vaults:5 | Noticed a bone dragon
 67531 | Vaults:5 | Killed a bone dragon
 67583 | Vaults:5 | Killed Margery
 67739 | Vaults:5 | HP: 45/226 [deep elf demonologist/wand of magic darts (1)]
 68350 | Vaults:5 | Identified Shruegh's Almanac of Orientation
 68401 | Vaults:5 | Learned a level 2 spell: Fire Brand
 68671 | Vaults:5 | Noticed a bone dragon
 68679 | Vaults:5 | Killed a bone dragon
 68754 | Vaults:5 | Got a vibrating bronze amulet
 68761 | Vaults:5 | Identified the amulet of Ylysint {Stasis rC+ MR++ Stlth++} (You took it off a fire giant on level 5 of the Vaults)
 68774 | Vaults:5 | Got a blackened cloak
 68778 | Vaults:5 | Identified the cursed -4 cloak of the Beggars {rF++ Acc+5} (You found it on level 5 of the Vaults)
 69279 | Vaults:5 | Received a gift from Okawaru
 69398 | Vaults:5 | Noticed Boris
 69407 | Vaults:5 | Killed Boris
 69407 | Vaults:5 | Reached skill level 26 in Fighting
 71107 | Elf:1    | Entered Level 1 of the Elven Halls
 71202 | Elf:1    | Noticed Josephine
 71211 | Elf:1    | Killed Josephine
 71213 | Elf:1    | Noticed Frances
 71215 | Elf:1    | Noticed Louise
 71222 | Elf:1    | Killed Frances
 71222 | Elf:1    | Reached XP level 23. HP: 205/237 MP: 27/27
 71230 | Elf:1    | Killed Louise
 71479 | Elf:1    | Identified Toidgh's Almanac of Evil Self-Improvement
 71484 | Elf:1    | Learned a level 3 spell: Ozocubu's Armour
 71509 | Elf:1    | Found Psefaz's Magic Scroll Shop.
 71519 | Elf:1    | Bought a scroll of identify for 38 gold pieces
 71519 | Elf:1    | Bought a scroll of identify for 38 gold pieces
 71519 | Elf:1    | Bought a scroll of identify for 38 gold pieces
 71519 | Elf:1    | Bought a scroll of magic mapping for 66 gold pieces
 71519 | Elf:1    | Bought a scroll of identify for 38 gold pieces
 71519 | Elf:1    | Bought a scroll of recharging for 180 gold pieces
 71519 | Elf:1    | Bought a scroll of teleportation for 57 gold pieces
 71531 | Elf:1    | Reached skill level 26 in Long Blades
 71944 | Elf:1    | You fall through a shaft!
 71944 | Elf:2    | Found Kiumpuuz's Antique Armour Boutique.
 72004 | Elf:2    | Found Xuiv's Book Emporium.
 72353 | Elf:2    | Got a warped plate armour
 72354 | Elf:2    | Identified the +6 plate armour "Kikuxuux" {Dex-5 Int-3} (You found it on level 2 of the Elven Halls)
 72470 | Elf:2    | Found Imehuh Klai's Distillery.
 72475 | Elf:2    | Bought a potion of curing for 36 gold pieces
 72475 | Elf:2    | Bought a potion of curing for 36 gold pieces
 72475 | Elf:2    | Bought a potion of porridge for 18 gold pieces
 72475 | Elf:2    | Bought a potion of might for 45 gold pieces
 72475 | Elf:2    | Bought a potion of heal wounds for 54 gold pieces
 72475 | Elf:2    | Bought a potion of heal wounds for 54 gold pieces
 73301 | Elf:3    | Entered Level 3 of the Elven Halls
 73614 | Elf:3    | Found Fuint's Assorted Antiques.
 73634 | Elf:3    | Bought 2 scrolls of immolation for 217 gold pieces
 74035 | Elf:3    | HP: 23/238 [large abomination[a deep elf death mage] (27)]
 74040 | Elf:3    | HP: 26/238 [deep elf conjurer/bolt of negative energy (10)]
 74043 | Elf:3    | Killed from afar by a deep elf conjurer

Action                   |  1- 3 |  4- 6 |  7- 9 | 10-12 | 13-15 | 16-18 | 19-21 | 22-24 || total
-------------------------+-------+-------+-------+-------+-------+-------+-------+-------++-------
Melee: Long sword        |   103 |   201 |    76 |       |       |       |       |       ||   380
       Scimitar          |       |       |   355 |   442 |    22 |       |       |       ||   819
       Falchion          |       |       |       |    57 |       |       |       |       ||    57
       Bastard sword     |       |       |       |   268 |  1783 |  1746 |  1499 |   615 ||  5911
       Dagger            |       |       |       |       |     2 |       |       |       ||     2
Throw: Javelin           |       |       |       |     5 |     7 |    20 |     9 |     3 ||    44
 Cast: Apportation       |       |       |       |       |       |       |     6 |     1 ||     7
Invok: Heroism           |       |       |     2 |    12 |     8 |     4 |    14 |     3 ||    43
       Finesse           |       |       |       |     1 |     7 |     2 |     7 |     2 ||    19
 Abil: Breathe Fire      |       |       |       |       |     1 |       |     1 |       ||     2
Evoke: Wand              |       |     1 |     6 |     8 |    17 |     3 |    10 |       ||    45
       Deck              |       |       |       |       |    10 |     5 |       |     7 ||    22
       Lamp of fire      |       |       |       |       |       |       |     1 |     1 ||     2
  Use: Scroll            |       |     6 |     8 |    11 |    20 |    21 |    28 |    45 ||   139
       Potion            |       |       |     6 |     5 |     8 |     6 |    21 |     6 ||    52
 Stab: Held in net/web   |       |       |       |       |       |     1 |       |       ||     1
       Sleeping          |       |       |       |       |       |       |       |     1 ||     1
Dungeon Crawl Stone Soup version 0.14.1-24-gbdbe590 (webtiles) character file. 454845 BoredOne the Slayer (level 23, -12/238 HPs) Began as a Minotaur Fighter on July 1, 2014. Was a High Priest of Okawaru. Killed from afar by a deep elf conjurer (39 damage) ... with a bolt of negative energy ... on Level 3 of the Elven Halls on July 2, 2014. The game lasted 05:14:58 (74043 turns). BoredOne the Slayer (Minotaur Fighter) Turns: 74043, Time: 05:14:59 HP -12/238 AC 15 Str 33 XL: 23 Next: 24% MP 27/27 EV 12 Int 15 God: Okawaru [*****.] Gold 1070 SH 34 Dex 28 Spells: 4 memorised, 14 levels left rFire + + + SeeInvis . W - +9 bastard sword "Newtslayer" {venom, Str-1 Dex+3 Int+3} rCold + + . Clarity . T - +1 chain mail of Fegeowot {Str+1 Dex+5} rNeg . . . Conserve . h - +4 shield of Pnisto Gane {Str+1 Dex+3} rPois . rCorr . b - +2 hat {MR+} rElec . rRot . w - -4 cloak of the Beggars {rF++ Acc+5} SustAb . . Spirit . u - +0 pair of gloves of Hiaff {rC+ Dam+5} rMut . Warding . p - -2 pair of boots of a labyrinth {MR+ Acc+3 Dam+4} Saprov . . . Stasis + v - amulet of Ylysint {Stasis rC+ MR++ Stlth++} MR +++++ N - ring "Mnu Diot" {Fire Str+3 Dex+4} c - ring of Maehaf {MR+ Str+5 Int+3} @: very heavily drained, almost entirely resistant to hostile enchantments, extremely unstealthy A: retaliatory headbutt, horns 2, breathe flames 1, cold resistance 1, fire resistance 1 a: Heroism, Finesse, Renounce Religion, Breathe Fire }: 2/15 runes: silver, gossamer You were on level 3 of the Elven Halls. You worshipped Okawaru. Okawaru was extremely pleased with you. You were not hungry. You visited 8 branches of the dungeon, and saw 42 of its levels. You also visited: Labyrinth, Bailey, Ice Cave and Wizlab. You collected 6011 gold pieces. You spent 4941 gold pieces at shops. Dungeon Overview and Level Annotations Branches: Dungeon (15/15) Temple (0/1) D:4 Orc (4/4) D:10 Elf (3/3) Orc:3 Lair (8/8) D:11 Swamp (0/5) Lair:5 Spider (5/5) Lair:4 Slime (0/6) Lair:8 Vaults (5/5) D:14 Blade (1/1) Vaults:4 Crypt (0/5) Vaults:3 Depths (1/5) D:15 Altars: Cheibriados Dithmenos Kikubaaqudgha Makhleb Nemelex Xobeh Okawaru Vehumet Xom Zin Jiyva Shops: D:14 [ Orc:4 [** Elf:1 ? Elf:2 [:! Elf:3 * Vaults:1 }:** Vaults:2 [ Vaults:3 [ Vaults:4 ?}}} Depths:1 ???* Portals: Hell: Depths:1 Trove: D:15 (show slimy rune of Zot) Annotations: D:15 slimy rune Innate Abilities, Weirdness & Mutations You reflexively headbutt those who attack you in melee. You have a pair of horns on your head. You can breathe flames. Your flesh is cold resistant. Your flesh is heat resistant. Skills: + Level 26.5(20.1) Fighting + Level 26.3(19.9) Long Blades - Level 19.9(14.2) Armour - Level 10.5(5.9) Dodging - Level 15.1(10.0) Shields - Level 3.0(0.0) Translocations - Level 8.0(3.7) Invocations You had 14 spell levels left. You knew the following spells: Your Spells Type Power Failure Level Hunger a - Apportation Tloc #......... 96% 1 ##..... b - Fire Brand Chrm/Fire #......... 99% 2 ###.... p - Cure Poison Pois #......... 99% 2 ###.... v - Ozocubu's Armour Chrm/Ice #......... 100% 3 ####... Inventory: Hand weapons i - a +9,+9 bastard sword of electrocution W - the +9,+9 bastard sword "Newtslayer" (weapon) {venom, Str-1 Dex+3 Int+3} (Okawaru gifted it to you on level 10 of the Dungeon) It poisons the flesh of those it strikes. It affects your strength (-1). It affects your intelligence (+3). It affects your dexterity (+3). Z - a +3,+4 glaive of distortion {!w} Missiles o - 18 arrows of dispersal P - 7 javelins of penetration (quivered) Armour b - a +2 hat of magic resistance (worn) h - the +4 shield of Pnisto Gane (worn) {Str+1 Dex+3} (Okawaru gifted it to you on level 4 of the Vaults) It affects your strength (+1). It affects your dexterity (+3). j - a +2 large shield p - the -2 pair of boots of a labyrinth (worn) {MR+ Acc+3 Dam+4} (Okawaru gifted it to you on level 1 of the Depths) It affects your accuracy with ranged weapons and melee attacks (+3). It affects your damage with ranged weapons and melee attacks (+4). It affects your resistance to hostile enchantments. q - a +2 shield of reflection u - the +0 pair of gloves of Hiaff (worn) {rC+ Dam+5} (Okawaru gifted it to you on level 5 of the Vaults) It affects your damage with ranged weapons and melee attacks (+5). It protects you from cold. w - the -4 cloak of the Beggars (worn) {rF++ Acc+5} (You found it on level 5 of the Vaults) It affects your accuracy with ranged weapons and melee attacks (+5). It greatly protects you from fire. D - the +3 crown of Dyrovepreva {Hunger rElec Int+2 SInv} (You found it on level 5 of the Vaults) It affects your intelligence (+2). It insulates you from electricity. It enhances your eyesight. It speeds your metabolism. L - the +10 plate armour of Erphiorri {Dex-2 Acc+5} (Okawaru gifted it to you on level 11 of the Dungeon) It affects your dexterity (-2). It affects your accuracy with ranged weapons and melee attacks (+5). T - the +1 chain mail of Fegeowot (worn) {Str+1 Dex+5} (You took it off a minotaur on level 1 of the Depths) It affects your strength (+1). It affects your dexterity (+5). Magical devices a - a wand of invisibility (4) e - a wand of disintegration (10) x - a wand of teleportation (6) A - a wand of digging (8) Y - a wand of draining (6) Comestibles n - 3 honeycombs s - 9 slices of pizza H - 7 bread rations Scrolls l - 3 scrolls of teleportation z - 3 scrolls of immolation C - a scroll of identify I - a scroll of recharging K - 6 scrolls of remove curse M - a scroll of summoning O - 2 scrolls of fog V - a scroll of enchant armour Jewellery c - the ring of Maehaf (left hand) {MR+ Str+5 Int+3} (You took it off a fire giant on level 5 of the Vaults) [ring of protection from magic] It affects your strength (+5). It affects your intelligence (+3). k - an uncursed ring of positive energy m - an uncursed amulet of clarity r - an uncursed ring of protection from cold v - the amulet of Ylysint (around neck) {Stasis rC+ MR++ Stlth++} (You took it off a fire giant on level 5 of the Vaults) [amulet of stasis] It protects you from cold. It affects your resistance to hostile enchantments. It makes you much more stealthy. y - the ring of Bresm {Dex+2 Int+3 Acc+5} (You found it in a labyrinth) [ring of dexterity] It affects your dexterity (+2). It affects your intelligence (+3). It affects your accuracy with ranged weapons and melee attacks (+5). E - an uncursed ring of protection from fire F - an uncursed amulet of conservation N - the ring "Mnu Diot" (right hand) {Fire Str+3 Dex+4} (You took it off a fire giant on level 5 of the Vaults) [ring of fire] It affects your strength (+3). It affects your dexterity (+4). Potions d - a potion of haste f - 6 potions of curing g - a potion of lignification t - a potion of magic G - a potion of porridge R - 2 potions of might U - 2 potions of flight Books B - Toidgh's Almanac of Evil Self-Improvement (You found it on level 1 of the Elven Halls) Spells Type Level Poison Weapon Charms/Poison 3 *Ozocubu's Armour Charms/Ice 3 Animate Dead Necromancy 4 Excruciating Wounds Charms/Necromancy 5 Iskenderun's Battlesphere Conjuration/Charms 5 Miscellaneous J - a disc of storms Q - a lamp of fire X - a phial of floods Message History Read which item? (? for menu, Esc to quit) Okay, then. Evoke which item? (* to show all) (? for menu, Esc to quit) Okay, then. You barely miss the large abomination. You headbutt the large abomination!! The large abomination is moderately damaged. You block the hellwing's attack. The hellwing barely misses you. You cut the large abomination into ribbons!!! The lost soul sacrifices itself to reknit the large abomination! The deep elf demonologist mumbles some strange words. You block the large abomination's attack. The hellwing barely misses you. You block the hellwing's attack. You cut the large abomination into ribbons!!! You headbutt the large abomination, but do no damage. The large abomination is severely damaged. The deep elf conjurer points at you and mumbles some strange words. The bolt of negative energy hits the hellwing. The hellwing completely resists. The bolt of negative energy hits you! You feel drained. You die... #. #..##########.... #.###............... #..#..##########.... #...## #.... ##.## #...) #)# #.... #.# #.... #X# #.... #@# #.... #4# #.### #e# #.# WW1 #.# ≈4e4≈ #.### .*≈4≈*e #.... ..≈≈e*≈.. ##### #####e##### 143 You could see a Hell Sentinel, a Brimstone Fiend, a deep elf death mage, 2 deep elf demonologists, an orange demon, a large abomination, 2 hellwings, 2 spectral elves, a deep elf conjurer, a sixfirhy, a blue devil, a chaos spawn and 3 lost souls.

Action                   |  1- 3 |  4- 6 |  7- 9 | 10-12 | 13-15 | 16-18 | 19-21 | 22-24 || total
-------------------------+-------+-------+-------+-------+-------+-------+-------+-------++-------
Melee: Long sword        |   103 |   201 |    76 |       |       |       |       |       ||   380
       Scimitar          |       |       |   355 |   442 |    22 |       |       |       ||   819
       Falchion          |       |       |       |    57 |       |       |       |       ||    57
       Bastard sword     |       |       |       |   268 |  1783 |  1746 |  1499 |   615 ||  5911
       Dagger            |       |       |       |       |     2 |       |       |       ||     2
Throw: Javelin           |       |       |       |     5 |     7 |    20 |     9 |     3 ||    44
 Cast: Apportation       |       |       |       |       |       |       |     6 |     1 ||     7
Invok: Heroism           |       |       |     2 |    12 |     8 |     4 |    14 |     3 ||    43
       Finesse           |       |       |       |     1 |     7 |     2 |     7 |     2 ||    19
 Abil: Breathe Fire      |       |       |       |       |     1 |       |     1 |       ||     2
Evoke: Wand              |       |     1 |     6 |     8 |    17 |     3 |    10 |       ||    45
       Deck              |       |       |       |       |    10 |     5 |       |     7 ||    22
       Lamp of fire      |       |       |       |       |       |       |     1 |     1 ||     2
  Use: Scroll            |       |     6 |     8 |    11 |    20 |    21 |    28 |    45 ||   139
       Potion            |       |       |     6 |     5 |     8 |     6 |    21 |     6 ||    52
 Stab: Held in net/web   |       |       |       |       |       |     1 |       |       ||     1
       Sleeping          |       |       |       |       |       |       |       |     1 ||     1

Vanquished Creatures
  An ancient lich (Vaults:5)
  Boris (twice) (Blade Vaults:5)
  Margery (Vaults:5)
  A golden dragon (Vaults:5)
  5 bone dragons
  4 tentacled monstrosities
  A quicksilver dragon (Vaults:5)
  3 storm dragons
  A titan (Vaults:5)
  2 liches
  5 sphinxes
  A large abomination (Vaults:1)
  Agnes (Depths:1)
  Frances (Elf:1)
  7 tengu reavers
  Kirke (D:15)
  3 shadow dragons
  10 fire giants
  4 ghost moths (Spider:5)
  7 frost giants
  Maud (Lair:7)
  3 iron dragons
  An orc warlord (Spider:1)
  Louise (Elf:1)
  17 emperor scorpions
  3 deep elf sorcerers
  Gastronok (D:12)
  17 vault wardens
  Jorgrun (Vaults:2)
  A spriggan defender (Depths:1)
  3 war gargoyles
  4 rakshasas (Depths:1)
  7 deep elf demonologists
  A vampire knight (D:15)
  21 stone giants
  5 deep elf annihilators
  3 dire elephants
  19 ettins
  A spectral quicksilver dragon (Vaults:5)
  4 deep elf death magi
  11 fire dragons
  23 vault guards
  10 minotaurs
  Josephine (Elf:1)
  A siren (shapeshifter) (D:15)
  2 deep elf high priests
  18 yaktaur captains
  12 ironheart preservers
  9 ice dragons
  3 great orbs of eyes
  2 naga warriors (Spider:1)
  5 hydras
  Harold (D:10)
  20 dancing weapons
  9 deep troll earth magi
  A spriggan air mage (Depths:1)
  2 ravenous feature mimics
  9 death yaks
  19 ogre magi
  5 deep troll shamans
  Urug (D:11)
  11 centaur warriors
  A storm dragon zombie (Vaults:5)
  14 hell knights
  An orc high priest (Orc:3)
  Nergalle (D:12)
  9 very ugly things
  A sun demon (Orc:3)
  9 iron trolls
  3 skeletal warriors (D:12)
  4 fire crabs
  19 deep elf knights
  5 shadow wraiths
  A catoblepas (Depths:1)
  Erolcha (D:10)
  18 orb spiders
  An orb spider (shapeshifter) (Vaults:5)
  2 unseen horrors
  2 giant orange brains
  20 ironbrand convokers
  A flayed ghost (Depths:1)
  An ice statue (IceCv)
  3 harpies (Vaults:4)
  5 deep elf summoners
  A spectral human (Vaults:5)
  2 flaming corpses (Vaults:3)
  Pikel (D:6)
  A harpy (shapeshifter) (Depths:1)
  21 orc knights
  21 deep trolls
  A lindwurm (shapeshifter) (Vaults:5)
  Joseph (D:12)
  13 deep elf conjurers
  32 wolf spiders
  4 manticores
  A manticore (shapeshifter) (Vaults:5)
  6 necromancers
  A stone giant zombie (Depths:1)
  An oklob plant (Lair:3)
  11 hill giants
  A human zombie (Vaults:5)
  3 wizards
  5 phantasmal warriors
  11 griffons
  19 slime creatures
  2 small abominations (Vaults:4)
  8 cyclopes
  9 red wasps
  10 elephants
  A moth of wrath (shapeshifter) (Vaults:4)
  A hell beast (Vaults:5)
  A guardian serpent (shapeshifter) (Vaults:4)
  A sixfirhy (Elf:3)
  A frost giant skeleton (Vaults:5)
  2 black mambas
  12 vault sentinels
  A spiny frog (shapeshifter) (D:15)
  2 feature mimics
  An orange demon (Elf:3)
  A gargoyle (D:13)
  A vapour (WizLab)
  Psyche (Orc:1)
  A yaktaur zombie (Vaults:5)
  8 spiny frogs
  3 kobold demonologists (Vaults:1)
  A hellwing (Elf:3)
  52 yaktaurs
  A jumping spider (shapeshifter) (Vaults:5)
  2 komodo dragons (shapeshifter)
  A hydra zombie (D:9)
  19 demonic crawlers
  2 komodo dragons
  A queen bee (D:13)
  23 deep elf priests
  34 jumping spiders
  A troll (shapeshifter) (D:15)
  7 trolls
  2 tengu conjurers
  4 fire drakes
  8 giant fireflies (Lair:8)
  24 polar bears
  8 freezing wraiths
  A spectral elf (Elf:3)
  Prince Ribbit (Orc:1)
  A boggart (shapeshifter) (Depths:1)
  26 two-headed ogres
  21 boggarts
  6 boulder beetles
  A grizzly bear (shapeshifter) (Vaults:4)
  A raiju (shapeshifter) (Vaults:4)
  9 grizzly bears
  25 deep elf magi
  An ettin zombie (Vaults:5)
  A trapdoor spider zombie (D:11)
  A brown ooze (shapeshifter) (Vaults:1)
  A baby alligator (shapeshifter) (Depths:1)
  4 ravens (D:12)
  An ice dragon zombie (Depths:1)
  6 basilisks
  4 blink frogs (Lair:3)
  A flying skull (Vaults:3)
  4 air elementals (WizLab)
  57 redbacks
  6 sharks
  20 trapdoor spiders
  44 ugly things
  7 wyverns
  2 vampires
  A redback (shapeshifter) (Vaults:5)
  31 tarantellas
  3 elephant slugs
  A neqoxec (Elf:3)
  2 hungry ghosts
  Eustachio (Orc:1)
  A human (shapeshifter) (Depths:1)
  13 spriggans (Lair:8)
  6 vampire mosquitoes
  5 hogs
  A shadow (D:15)
  Grum (Orc:1)
  39 yaks
  A human (D:14)
  A wyvern (shapeshifter) (Depths:1)
  34 deep elf fighters
  4 wraiths
  25 hippogriffs
  2 steam dragons
  6 wargs
  An iron troll simulacrum (Vaults:1)
  2 swamp worms (Lair:5)
  A soldier ant (D:13)
  3 mottled dragons
  31 wolves
  2 nagas (Spider:1)
  A necrophage (D:11)
  A hell hound (Lair:6)
  10 water moccasins
  13 porcupines
  62 orc warriors
  80 ogres
  45 spiders
  3 phantoms
  3 yellow wasps
  6 giant goldfish
  19 ice beasts
  6 black bears
  18 centaurs
  3 elf skeletons (Elf:1)
  2 sky beasts
  A komodo dragon zombie (D:13)
  5 big kobolds
  10 crocodiles
  9 giant slugs
  10 giant frogs
  A brain worm (shapeshifter) (Depths:1)
  2 big kobolds (shapeshifter)
  13 scorpions
  2 elf simulacra (Elf:1)
  7 wights
  An eye of draining (D:13)
  62 killer bees
  7 electric eels
  4 quasits
  A vampire bat (D:9)
  A troll skeleton (D:11)
  3 goliath beetles
  2 centaur zombies
  9 crimson imps
  A jelly (shapeshifter) (Vaults:5)
  9 hounds
  2 two-headed ogre zombies
  10 big fish
  5 jellies
  Crazy Yiuf (D:6)
  An elf zombie (Elf:1)
  18 orc priests
  2 centaur skeletons
  A giant frog zombie (D:6)
  4 iguanas
  An iron imp (Orc:1)
  28 orc wizards
  Natasha (twice) (D:4)
  A black bear skeleton (D:9)
  An iguana (shapeshifter) (Vaults:4)
  A killer bee zombie (D:6)
  7 worker ants
  Ijyb (D:3)
  Jessica (D:2)
  An ogre zombie (Depths:1)
  27 sheep
  2 mummies
  56 green rats
  17 adders
  7 shadow imps
  A white imp (Orc:1)
  3 giant mites
  A goliath beetle zombie (D:13)
  6 worms
  3 ufetubi
  An iguana zombie (D:10)
  4 adder zombies
  4 giant eyeballs
  9 giant geckos
  255 orcs
  2 ball pythons
  5 bat skeletons (D:9)
  2 bat zombies
  11 giant cockroaches
  13 goblins
  21 hobgoblins
  12 jackals
  24 kobolds
  13 quokkas
  24 bats
  A giant gecko skeleton (D:4)
  6 giant newts
  A giant spore (D:14)
  A goblin skeleton (D:4)
  A hobgoblin skeleton (D:4)
  A jackal skeleton (D:8)
  2 orc skeletons
  An orc zombie (D:5)
  21 rats
  A rat skeleton (D:3)
  9 ballistomycetes (D:14)
  A bush (Lair:3)
  3 crawling corpses
  3 fungi
2451 creatures vanquished.

Vanquished Creatures (collateral kills)
  An orange demon (Vaults:5)
1 creature vanquished.

Vanquished Creatures (others)
  A tengu reaver (Depths:1)
  A deep elf annihilator (Vaults:5)
  14 vault guards (Vaults:5)
  Erica (D:11)
  A deep troll (Depths:1)
  An orb spider (Spider:4)
  A vault sentinel (Vaults:3)
  4 yaktaurs (Vaults:5)
  A redback zombie (Vaults:5)
  A redback (Vaults:5)
  A tarantella (Vaults:5)
  2 fire elementals (Vaults:5)
  An ugly thing (Depths:1)
  A neqoxec (Depths:1)
  2 deep elf fighters
  An ogre (Depths:1)
  2 lost souls (Elf:3)
  A scorpion (D:6)
  A giant eyeball (Depths:1)
  4 orcs
  A fungus (Lair:4)
43 creatures vanquished. Grand Total:
2495 creatures vanquished Notes Turn | Place | Note -------------------------------------------------------------- 0 | D:1 | BoredOne, the Minotaur Fighter, began the quest for the Orb. 0 | D:1 | Reached XP level 1. HP: 19/19 MP: 1/1 389 | D:1 | Reached XP level 2. HP: 27/27 MP: 1/1 417 | D:1 | Reached skill level 4 in Fighting 773 | D:1 | Reached skill level 3 in Long Blades 998 | D:2 | Noticed Jessica 1006 | D:2 | Killed Jessica 1006 | D:2 | Reached skill level 4 in Shields 1006 | D:2 | Reached XP level 3. HP: 30/34 MP: 2/2 1668 | D:2 | Reached XP level 4. HP: 41/41 MP: 2/2 2634 | D:3 | Found an iron altar of Okawaru. 2634 | D:3 | Found a sparkling altar of Nemelex Xobeh. 2638 | D:3 | Became a worshipper of Warmaster Okawaru 2842 | D:3 | Reached skill level 5 in Fighting 2967 | D:3 | Reached skill level 4 in Long Blades 3015 | D:3 | Noticed Ijyb 3035 | D:3 | Killed Ijyb 3195 | D:3 | Found a shimmering altar of Xom. 3223 | D:4 | Reached XP level 5. HP: 48/48 MP: 2/2 3483 | D:4 | Found a staircase to the Ecumenical Temple. 3512 | D:4 | Reached skill level 5 in Shields 3861 | D:4 | Reached XP level 6. HP: 43/57 MP: 3/3 3952 | D:4 | Reached skill level 6 in Fighting 4283 | D:4 | Reached skill level 5 in Long Blades 4565 | D:4 | Noticed Natasha 4573 | D:4 | Killed Natasha 4692 | D:4 | Noticed Natasha 4700 | D:4 | Killed Natasha 4729 | D:5 | Entered Level 5 of the Dungeon 4835 | D:5 | Acquired Okawaru's first power 5105 | D:5 | Reached skill level 6 in Shields 5105 | D:5 | Reached XP level 7. HP: 46/64 MP: 3/3 5184 | D:5 | Reached skill level 7 in Fighting 5184 | D:5 | Reached skill level 6 in Long Blades 5393 | D:5 | Found a shadowy altar of Dithmenos. 5705 | D:5 | Reached skill level 7 in Shields 5717 | D:5 | Reached XP level 8. HP: 57/74 MP: 2/3 6318 | D:5 | Reached skill level 7 in Long Blades 6347 | D:5 | Found a shadowy altar of Dithmenos. 6613 | D:5 | Reached skill level 8 in Fighting 6949 | D:6 | Noticed Pikel 6964 | D:6 | Killed Pikel 6964 | D:6 | Reached skill level 9 in Fighting 6964 | D:6 | Reached skill level 8 in Long Blades 6964 | D:6 | Reached skill level 8 in Shields 6990 | D:6 | Got a ripped robe 7000 | D:6 | Identified the cursed +0 robe "Greff" {Str+1 Dam-3} (You found it on level 6 of the Dungeon) 7201 | D:6 | Found a glowing silver altar of Zin. 7224 | D:6 | Reached XP level 9. HP: 54/83 MP: 4/4 7431 | D:6 | Noticed Crazy Yiuf 7439 | D:6 | Killed Crazy Yiuf 7735 | D:7 | Reached skill level 9 in Shields 7744 | D:7 | Reached skill level 9 in Long Blades 8998 | D:8 | Reached skill level 10 in Fighting 9191 | D:8 | HP: 17/85 [something (4)] 9193 | D:8 | HP: 5/85 [deep elf fighter/puff of flame (7)] 9405 | D:8 | Reached skill level 10 in Long Blades 9405 | D:8 | Reached skill level 1 in Invocations 9513 | D:8 | Reached skill level 10 in Shields 9708 | D:8 | Reached skill level 2 in Invocations 9825 | D:8 | Reached XP level 10. HP: 74/94 MP: 6/7 10600 | D:8 | Reached skill level 3 in Invocations 10996 | D:9 | Acquired Okawaru's second power 10996 | D:9 | Reached skill level 11 in Fighting 10996 | D:9 | Reached skill level 11 in Long Blades 11090 | D:9 | Received a gift from Okawaru 11181 | D:9 | Noticed a cyclops 11199 | D:9 | Killed a cyclops 11199 | D:9 | Reached skill level 11 in Shields 11199 | D:9 | Reached skill level 4 in Invocations 12104 | D:9 | Found an ancient bone altar of Kikubaaqudgha. 12152 | D:9 | Noticed a cyclops 12168 | D:9 | Killed a cyclops 12168 | D:9 | Reached skill level 5 in Invocations 12168 | D:9 | Reached XP level 11. HP: 63/103 MP: 13/13 12641 | D:10 | Entered Level 10 of the Dungeon 12675 | D:10 | Received a gift from Okawaru 12757 | D:10 | Found a staircase to the Orcish Mines. 12969 | D:10 | Noticed a hill giant 12978 | D:10 | Killed a hill giant 13157 | D:10 | Reached skill level 12 in Long Blades 13171 | D:10 | Reached skill level 12 in Fighting 13194 | D:10 | Reached skill level 6 in Invocations 13212 | D:10 | Reached skill level 12 in Shields 13323 | D:10 | Paralysed by a giant eyeball for 4 turns 13345 | D:10 | Noticed Erolcha 13356 | D:10 | Killed Erolcha 13407 | D:10 | Noticed Harold 13426 | D:10 | Killed Harold 13805 | D:10 | Received a gift from Okawaru 13811 | D:10 | Got an iridescent bastard sword {god gift} 13813 | D:10 | Identified the +9,+9 bastard sword "Newtslayer" {venom, Str-1 Dex+3 Int+3} (Okawaru gifted it to you on level 10 of the Dungeon) 14116 | D:11 | Noticed a hill giant 14122 | D:11 | Killed a hill giant 14122 | D:11 | Reached skill level 7 in Invocations 14162 | D:11 | Reached XP level 12. HP: 86/113 MP: 19/19 14364 | D:11 | Found a staircase to the Lair. 14370 | D:11 | Noticed Erica 14381 | D:11 | Noticed Urug 14381 | D:11 | Killed Erica 14393 | D:11 | Reached skill level 13 in Long Blades 14401 | D:11 | HP: 5/113 [Urug/runed glaive (27)] 14402 | D:11 | Killed Urug 14402 | D:11 | Reached skill level 13 in Fighting 14692 | D:11 | Reached skill level 13 in Shields 14805 | D:11 | Received a gift from Okawaru 14811 | D:11 | Got a polished plate armour {god gift} 14830 | D:11 | Identified the +10 plate armour of Erphiorri {Dex-2 Acc+5} (Okawaru gifted it to you on level 11 of the Dungeon) 14967 | D:11 | Noticed a six-headed hydra 14974 | D:11 | Killed a five-headed hydra 14974 | D:11 | Reached skill level 8 in Invocations 15225 | D:12 | Noticed Gastronok 15247 | D:12 | Killed Gastronok 15815 | D:12 | Noticed Joseph 15840 | D:12 | Killed Joseph 15840 | D:12 | Reached skill level 14 in Long Blades 15844 | D:12 | Reached skill level 14 in Fighting 16136 | D:12 | Noticed Nergalle 16147 | D:12 | Reached skill level 14 in Shields 16172 | D:12 | Killed Nergalle 16172 | D:12 | Reached XP level 13. HP: 86/124 MP: 21/21 16732 | D:13 | Found a flagged portal. 16744 | Bailey | Entered a bailey 17277 | Bailey | HP: 23/125 [orc knight/halberd (9)] 17783 | D:13 | Received a gift from Okawaru 19081 | D:13 | Reached skill level 15 in Long Blades 19308 | D:13 | Reached skill level 15 in Fighting 19452 | D:13 | Reached skill level 15 in Shields 19645 | D:13 | Received a gift from Okawaru 19776 | Lair:1 | Entered Level 1 of the Lair of Beasts 20502 | Lair:2 | Reached skill level 4 in Armour 21477 | Lair:3 | Got a transparent dagger 21490 | Lair:3 | Identified the cursed +3,+6 dagger "BoredOne's Death" {elec, rC+ MR+} (You found it on level 3 of the Lair of Beasts) 21522 | Lair:3 | Reached skill level 5 in Armour 22378 | Lair:4 | Found a hole to the Spider Nest. 22386 | Lair:4 | Reached XP level 14. HP: 136/136 MP: 21/21 22953 | Lair:5 | Gained mutation: You can breathe flames. [helix card] 23090 | Lair:5 | Reached skill level 6 in Armour 23095 | Lair:5 | Received a gift from Okawaru 23337 | Lair:5 | Reached skill level 16 in Fighting 23486 | Lair:5 | Found a staircase to the Swamp. 23634 | Lair:6 | Reached skill level 16 in Long Blades 23694 | Lair:6 | Found a hole to the Spider Nest. 23717 | Lair:6 | the hole to the Spider Nest was a mimic. 23834 | Lair:6 | Reached skill level 7 in Armour 24336 | Lair:6 | Reached skill level 8 in Armour 24358 | Lair:6 | Received a gift from Okawaru 24766 | Lair:7 | Noticed Maud 24782 | Lair:7 | Killed Maud 25119 | Lair:7 | Found a snail-covered altar of Cheibriados. 25674 | Lair:8 | Entered Level 8 of the Lair of Beasts 25832 | Lair:8 | Found a labyrinth entrance. 25884 | Lab | Entered a labyrinth 26752 | Lab | Reached skill level 9 in Armour 26757 | Lab | Got a fine jade ring 26757 | Lab | Identified the Grimoire of Harmful Weightlessness 26782 | Lair:8 | Identified the ring of Bresm {Dex+2 Int+3 Acc+5} (You found it in a labyrinth) 26819 | Lair:8 | Reached skill level 17 in Fighting 26883 | Lair:8 | Received a gift from Okawaru 26928 | Lair:8 | Got a dazzling shield {god gift} 26954 | Lair:8 | Reached XP level 15. HP: 123/147 MP: 22/22 26955 | Lair:8 | Reached skill level 17 in Long Blades 26977 | Lair:8 | Identified the +1 shield of Inaction {+Blink rC+} (Okawaru gifted it to you on level 8 of the Lair of Beasts) 27290 | Lair:8 | Found a viscous altar of Jiyva. 27291 | Lair:8 | Found a staircase to the Slime Pits. 27493 | Lair:8 | Reached skill level 10 in Armour 28827 | Orc:1 | Entered Level 1 of the Orcish Mines 28828 | Orc:1 | Noticed Prince Ribbit 28849 | Orc:1 | Killed Prince Ribbit 28984 | Orc:1 | Noticed Eustachio 28986 | Orc:1 | Noticed Grum 28986 | Orc:1 | Noticed Psyche 29000 | Orc:1 | Killed Psyche 29031 | Orc:1 | Killed Eustachio 29036 | Orc:1 | Killed Grum 29042 | Orc:1 | Received a gift from Okawaru 29045 | Orc:1 | Got a faintly humming robe {god gift} 29059 | Orc:1 | Identified the +2 robe "Skun Pon" {Str+2 Dex+3} (Okawaru gifted it to you on level 1 of the Orcish Mines) 29334 | Orc:2 | Found a frozen archway. 29372 | IceCv | Entered an ice cave 29721 | IceCv | Reached skill level 18 in Fighting 29925 | IceCv | Got an ichor-stained halberd 30033 | IceCv | Reached skill level 11 in Armour 30756 | Orc:3 | Found a radiant altar of Vehumet. 30967 | Orc:3 | Found a staircase to the Elven Halls. 31409 | Orc:4 | Entered Level 4 of the Orcish Mines 31460 | Orc:4 | Found a burning altar of Makhleb. 31843 | Orc:4 | Found Inulalad's General Store. 31843 | Orc:4 | Found Vaasmem's Magic Scroll Shoppe. 31846 | Orc:4 | Found Cais' Assorted Antiques. 31860 | Orc:4 | Found Suleucki's Armour Boutique. 31876 | Orc:4 | Reached skill level 18 in Long Blades 31996 | Orc:4 | Bought a scroll of teleportation for 36 gold pieces 31996 | Orc:4 | Bought a scroll of magic mapping for 42 gold pieces 31996 | Orc:4 | Bought a scroll of enchant weapon I for 42 gold pieces 31996 | Orc:4 | Bought a scroll of identify for 24 gold pieces 31996 | Orc:4 | Bought a scroll of remove curse for 36 gold pieces 31996 | Orc:4 | Bought a scroll of teleportation for 36 gold pieces 31996 | Orc:4 | Bought a scroll of enchant weapon I for 42 gold pieces 31996 | Orc:4 | Bought a scroll of remove curse for 36 gold pieces 31996 | Orc:4 | Bought a scroll of fear for 42 gold pieces 31996 | Orc:4 | Bought a scroll of teleportation for 36 gold pieces 31998 | Orc:4 | Bought a scroll of blinking for 105 gold pieces 31998 | Orc:4 | Bought a scroll of enchant weapon II for 77 gold pieces 31998 | Orc:4 | Bought a scroll of enchant weapon II for 77 gold pieces 31998 | Orc:4 | Bought a potion of curing for 28 gold pieces 32233 | Orc:4 | Received a gift from Okawaru 32237 | Orc:4 | Got an iridescent claymore {god gift} 32244 | Orc:4 | Identified the +0,+1 claymore of Jiumimeo {flame, +Blink rC+ rN+} (Okawaru gifted it to you on level 4 of the Orcish Mines) 32245 | Orc:4 | Identified the +8,+6 halberd "Kowkouva" {freeze, rF++ rC++} (You found it in an ice cave) 32927 | Lair:2 | Gained mutation: Your flesh is cold resistant. [potion of beneficial mutation] 33181 | D:14 | Found Scheac's Armour Emporium. 33222 | D:14 | Learned a level 1 spell: Apportation 33430 | D:14 | You fall through a shaft! 33430 | D:15 | Entered Level 15 of the Dungeon 33585 | D:15 | Reached skill level 12 in Armour 33775 | D:15 | Noticed Kirke 33783 | D:15 | Killed Kirke 33783 | D:15 | Reached XP level 16. HP: 159/159 MP: 23/23 33785 | D:15 | Got a steaming platinum ring 33786 | D:15 | Identified the ring "Kauklaem" {rC+ Acc-3} (You took it off Kirke on level 15 of the Dungeon) 33787 | D:15 | Identified a scroll of acquirement 33900 | D:15 | Found a staircase to the Depths. 33905 | D:15 | Received a gift from Okawaru 33947 | D:15 | Found a portal to a secret trove of treasure. 34656 | D:14 | Found a gate to the Vaults. 34960 | Spider:1 | Entered Level 1 of the Spider Nest 34966 | Spider:1 | Got a crystal hand axe 35023 | Spider:1 | Reached skill level 19 in Fighting 35547 | Spider:1 | Reached skill level 13 in Armour 36216 | Spider:2 | Reached skill level 19 in Long Blades 36555 | Spider:2 | Received a gift from Okawaru 36559 | Spider:2 | Gained mutation: Your mind is acute. (Int +2) [potion of mutation] 36559 | Spider:2 | Lost mutation: Your mind is acute. (Int +2) [potion of mutation] 36559 | Spider:2 | Gained mutation: Your flesh is heat resistant. [potion of mutation] 36577 | Spider:2 | Got an ebony falchion {god gift} 36578 | Spider:2 | Identified the +3,-1 falchion "Veucw" {drain, MR+} (Okawaru gifted it to you on level 2 of the Spider Nest) 36579 | Spider:2 | Identified the +0,+0 hand axe "Vusoz" {venom, rC+ Int-3 Stlth} (You found it on level 1 of the Spider Nest) 38170 | Spider:4 | Received a gift from Okawaru 38171 | Spider:4 | Reached skill level 14 in Armour 38204 | Spider:4 | HP: 26/162 [disintegration (31)] 38743 | Spider:4 | Got a faintly glowing turquoise ring 39135 | Spider:4 | HP: 25/162 [disintegration (42)] 39642 | Spider:4 | Reached XP level 17. HP: 143/170 MP: 23/23 39717 | Spider:4 | Paralysed by a red wasp for 3 turns 40286 | Spider:5 | Entered Level 5 of the Spider Nest 40580 | Spider:5 | Reached skill level 20 in Fighting 41131 | Spider:5 | Reached skill level 20 in Long Blades 41135 | Spider:5 | Received a gift from Okawaru 41136 | Spider:5 | Reached skill level 15 in Armour 41445 | Spider:5 | Got a gossamer rune of Zot 41839 | Spider:5 | Was placed under penance by Okawaru 42878 | Depths:1 | Entered Level 1 of the Depths 43037 | Vaults:1 | Entered Level 1 of the Vaults 43041 | Vaults:1 | Was forgiven by Okawaru 43088 | Vaults:1 | Found Jasik's Assorted Antiques. 43138 | Vaults:1 | Found Gisatat's Food Shoppe. 43143 | Vaults:1 | Bought a scroll of teleportation for 138 gold pieces 43143 | Vaults:1 | Bought a potion of curing for 92 gold pieces 43143 | Vaults:1 | Bought a scroll of identify for 92 gold pieces 43143 | Vaults:1 | Bought a scroll of enchant weapon I for 161 gold pieces 43143 | Vaults:1 | Bought a potion of curing for 92 gold pieces 43143 | Vaults:1 | Bought a scroll of identify for 92 gold pieces 43144 | Vaults:1 | Identified the ring "Xutynete" {+/*Tele rF+} (You found it on level 4 of the Spider Nest) 43254 | Vaults:1 | Bought a pear for 7 gold pieces 43254 | Vaults:1 | Bought a bread ration for 48 gold pieces 43254 | Vaults:1 | Bought a bread ration for 48 gold pieces 43254 | Vaults:1 | Bought a meat ration for 55 gold pieces 43254 | Vaults:1 | Bought an apple for 7 gold pieces 43254 | Vaults:1 | Bought a pear for 7 gold pieces 43254 | Vaults:1 | Bought a lemon for 11 gold pieces 43254 | Vaults:1 | Bought a bread ration for 48 gold pieces 43254 | Vaults:1 | Bought a pear for 7 gold pieces 43254 | Vaults:1 | Bought a pear for 7 gold pieces 43254 | Vaults:1 | Bought a slice of pizza for 16 gold pieces 43254 | Vaults:1 | Bought an apple for 7 gold pieces 43359 | Vaults:1 | Found Feafurergh's Book Boutique. 43762 | Vaults:1 | Found Kli Stughytz's Gadget Boutique. 44096 | Vaults:1 | Reached skill level 16 in Armour 44158 | Vaults:1 | Reached XP level 18. HP: 180/180 MP: 25/25 44210 | Vaults:1 | Reached skill level 21 in Fighting 44730 | Vaults:1 | Reached skill level 21 in Long Blades 44743 | Vaults:1 | Identified a +4 rod of shadows (10/10) (You found it on level 1 of the Vaults) 44896 | Vaults:1 | Found Wudah's Assorted Antiques. 44907 | Vaults:1 | Bought a lamp of fire for 1360 gold pieces 44907 | Vaults:1 | Bought a scroll of enchant weapon I for 119 gold pieces 45159 | Vaults:2 | Received a gift from Okawaru 46010 | Vaults:2 | Found Clianuh's Armour Boutique. 46020 | Vaults:2 | Noticed Jorgrun 46040 | Vaults:2 | Killed Jorgrun 46326 | Vaults:2 | Reached skill level 17 in Armour 47595 | Vaults:3 | Received a gift from Okawaru 47962 | Vaults:3 | Found Trugeo's Armour Shop. 47970 | Vaults:3 | Bought the cursed +0 pair of boots of Hairiness {Str+2 Int-4 Curse} for 81 gold pieces 48131 | Vaults:3 | Found a staircase to the Crypt. 49420 | Vaults:4 | Found Ehuywnul's Gadget Shoppe. 49435 | Vaults:4 | Reached XP level 19. HP: 185/191 MP: 25/25 49455 | Vaults:4 | Found a staircase to the Hall of Blades. 49510 | Vaults:4 | Reached skill level 22 in Fighting 49513 | Vaults:4 | Found Kaygoar's Magic Scroll Emporium. 49521 | Vaults:4 | Bought a scroll of identify for 40 gold pieces 49521 | Vaults:4 | Bought a scroll of teleportation for 60 gold pieces 49521 | Vaults:4 | Bought a scroll of identify for 40 gold pieces 49521 | Vaults:4 | Bought a scroll of blinking for 150 gold pieces 49521 | Vaults:4 | Bought a scroll of identify for 40 gold pieces 49541 | Vaults:4 | Found Guoz's Gadget Emporium. 49664 | Vaults:4 | Received a gift from Okawaru 49673 | Vaults:4 | Got a dazzling shield {god gift} 49838 | Vaults:4 | Found a magical portal. 49848 | WizLab | Entered a wizard's laboratory 50017 | WizLab | HP: 31/191 [something/bolt of lightning (29)] 50459 | Vaults:4 | Found Ituodd's Gadget Boutique. 50492 | Vaults:4 | Reached skill level 22 in Long Blades 50506 | Vaults:4 | Identified the +4 shield of Pnisto Gane {Str+1 Dex+3} (Okawaru gifted it to you on level 4 of the Vaults) 50610 | Blade | Entered the Hall of Blades 50626 | Blade | Reached skill level 18 in Armour 51084 | Blade | Noticed Boris 51095 | Blade | Killed Boris 53654 | Vaults:5 | Entered Level 5 of the Vaults 53656 | Vaults:5 | Noticed a bone dragon 54339 | Vaults:4 | Received a gift from Okawaru 54942 | Vaults:5 | Noticed an ancient lich 54956 | Vaults:5 | Killed an ancient lich 54968 | Vaults:5 | Reached skill level 19 in Armour 55036 | Vaults:5 | HP: 38/193 [quicksilver dragon/bolt of dispelling energy (18)] 55038 | Vaults:5 | Noticed a bone dragon 56195 | Vaults:5 | HP: 56/289 [spectral quicksilver dragon/bolt of dispelling energy[a deep elf death mage] (17)] 56200 | Vaults:5 | HP: 52/289 [small abomination[a deep elf death mage] (5)] 56205 | Vaults:5 | Reached XP level 20. HP: 47/202 MP: 21/25 56205 | Vaults:5 | HP: 29/303 [bone dragon (18)] 56210 | Vaults:5 | HP: 27/303 [bone dragon (1)] 56379 | Vaults:4 | Reached skill level 23 in Fighting 56655 | Vaults:4 | Killed a bone dragon 56964 | Vaults:5 | Reached skill level 23 in Long Blades 57015 | Vaults:5 | Got a steaming bone ring 57100 | Vaults:5 | Got a scintillating bone ring 57395 | Vaults:5 | Noticed a golden dragon 57401 | Vaults:5 | Killed a golden dragon 57626 | Vaults:5 | Got a bloodstained flail {drain} 57632 | Vaults:5 | Got an iridescent flail 57633 | Vaults:5 | Identified the +3,+7 flail of Strol {drain, Noisy +Fly rF++ Str+2} (You took it off a deep elf mage on level 5 of the Vaults) 57634 | Vaults:5 | Identified the +8,+4 flail "Jepsorug" {crush, rF+ rC+ Str-2 Int+1} (You found it on level 5 of the Vaults) 57695 | Vaults:5 | Received a gift from Okawaru 57700 | Vaults:5 | Got a pair of polished gloves {god gift} 57832 | Vaults:5 | HP: 39/204 [deep elf high priest/divine providence (13)] 57845 | Vaults:4 | HP: 39/204 [phantasmal warrior (5)] 58279 | Vaults:5 | Noticed Margery 58377 | Vaults:4 | Reached skill level 1 in Dodging 58597 | Vaults:4 | Bought a wand of disintegration (8) for 228 gold pieces 58644 | Vaults:4 | Reached skill level 2 in Dodging 58716 | Vaults:4 | Killed a bone dragon 58962 | D:11 | Identified the +0 pair of gloves of Hiaff {rC+ Dam+5} (Okawaru gifted it to you on level 5 of the Vaults) 59121 | Depths:1 | Paralysed by a giant eyeball for 4 turns 59136 | D:15 | Reached skill level 3 in Dodging 59324 | Depths:1 | Paralysed by a giant eyeball for 4 turns 59353 | D:15 | Reached skill level 1 in Translocations 59676 | Depths:1 | Paralysed by a giant eyeball for 3 turns 59916 | Depths:1 | Paralysed by a giant eyeball for 2 turns 59924 | D:15 | Paralysed by a giant eyeball for 3 turns 59933 | D:15 | Reached skill level 4 in Dodging 60214 | Depths:1 | Reached skill level 2 in Translocations 60215 | Depths:1 | HP: 37/206 [yaktaur captain/ bolt (13)] 60634 | Depths:1 | Reached XP level 21. HP: 161/213 MP: 26/26 60777 | Depths:1 | Reached skill level 5 in Dodging 61210 | Depths:1 | Received a gift from Okawaru 61210 | Depths:1 | Reached skill level 24 in Fighting 61766 | Depths:1 | Reached skill level 3 in Translocations 61800 | Depths:1 | Identified the ring of Maehaf {MR+ Str+5 Int+3} (You took it off a fire giant on level 5 of the Vaults) 61862 | Depths:1 | Reached skill level 6 in Dodging 61882 | Depths:1 | Received a gift from Okawaru 62073 | Depths:1 | Reached skill level 24 in Long Blades 62436 | Depths:1 | Paralysed by a giant eyeball for 4 turns 62687 | Depths:1 | Reached skill level 7 in Dodging 62846 | Depths:1 | Noticed a tentacled monstrosity 63124 | Depths:1 | Killed a tentacled monstrosity 63169 | Depths:1 | Found Fitzatu's Magic Scroll Shoppe. 63170 | Depths:1 | Found Peipsag's Magic Scroll Shop. 63170 | Depths:1 | Found Anausai's General Store. 63170 | Depths:1 | Found Poqezem's Magic Scroll Boutique. 63179 | Depths:1 | Found a gateway to Hell. 63192 | Depths:1 | Bought a scroll of enchant weapon II for 93 gold pieces 63200 | Depths:1 | Bought a scroll of silence for 112 gold pieces 63200 | Depths:1 | Bought a scroll of identify for 30 gold pieces 63200 | Depths:1 | Bought a scroll of teleportation for 45 gold pieces 63222 | Depths:1 | Bought a scroll of identify for 34 gold pieces 63274 | Depths:1 | Got an amethyst-studded chain mail 63300 | Depths:1 | Reached skill level 8 in Dodging 63320 | Depths:1 | Identified the +1 chain mail of Fegeowot {Str+1 Dex+5} (You took it off a minotaur on level 1 of the Depths) 63331 | Depths:1 | Identified the ring "Mnu Diot" {Fire Str+3 Dex+4} (You took it off a fire giant on level 5 of the Vaults) 64060 | Depths:1 | Noticed Agnes 64075 | Depths:1 | Killed Agnes 64292 | Depths:1 | Reached skill level 9 in Dodging 64309 | Depths:1 | Received a gift from Okawaru 65298 | Depths:1 | Reached XP level 22. HP: 161/224 MP: 27/27 65747 | Depths:1 | Reached skill level 10 in Dodging 65751 | Depths:1 | Reached skill level 25 in Fighting 65784 | Depths:1 | Received a gift from Okawaru 65789 | Depths:1 | Got a pair of fine boots {god gift} 65793 | Depths:1 | Identified the -2 pair of boots of a labyrinth {MR+ Acc+3 Dam+4} (Okawaru gifted it to you on level 1 of the Depths) 67380 | Vaults:5 | Got a silver rune of Zot 67463 | Vaults:5 | Got a steaming bow 67466 | Vaults:5 | Noticed a bone dragon 67474 | Vaults:5 | Killed a bone dragon 67474 | Vaults:5 | Reached skill level 25 in Long Blades 67487 | Vaults:5 | Learned a level 2 spell: Cure Poison 67489 | Vaults:5 | Got a transparent short sword 67496 | Vaults:5 | Identified the +10,+6 short sword of Conversion {flame, +Rage rN+} (You found it on level 5 of the Vaults) 67497 | Vaults:5 | Identified the +8,+9 bow of Change {frost, +Blink Stlth+} (You found it on level 5 of the Vaults) 67515 | Vaults:5 | Noticed a bone dragon 67531 | Vaults:5 | Killed a bone dragon 67583 | Vaults:5 | Killed Margery 67739 | Vaults:5 | HP: 45/226 [deep elf demonologist/wand of magic darts (1)] 68350 | Vaults:5 | Identified Shruegh's Almanac of Orientation 68401 | Vaults:5 | Learned a level 2 spell: Fire Brand 68671 | Vaults:5 | Noticed a bone dragon 68679 | Vaults:5 | Killed a bone dragon 68754 | Vaults:5 | Got a vibrating bronze amulet 68761 | Vaults:5 | Identified the amulet of Ylysint {Stasis rC+ MR++ Stlth++} (You took it off a fire giant on level 5 of the Vaults) 68774 | Vaults:5 | Got a blackened cloak 68778 | Vaults:5 | Identified the cursed -4 cloak of the Beggars {rF++ Acc+5} (You found it on level 5 of the Vaults) 69279 | Vaults:5 | Received a gift from Okawaru 69398 | Vaults:5 | Noticed Boris 69407 | Vaults:5 | Killed Boris 69407 | Vaults:5 | Reached skill level 26 in Fighting 71107 | Elf:1 | Entered Level 1 of the Elven Halls 71202 | Elf:1 | Noticed Josephine 71211 | Elf:1 | Killed Josephine 71213 | Elf:1 | Noticed Frances 71215 | Elf:1 | Noticed Louise 71222 | Elf:1 | Killed Frances 71222 | Elf:1 | Reached XP level 23. HP: 205/237 MP: 27/27 71230 | Elf:1 | Killed Louise 71479 | Elf:1 | Identified Toidgh's Almanac of Evil Self-Improvement 71484 | Elf:1 | Learned a level 3 spell: Ozocubu's Armour 71509 | Elf:1 | Found Psefaz's Magic Scroll Shop. 71519 | Elf:1 | Bought a scroll of identify for 38 gold pieces 71519 | Elf:1 | Bought a scroll of identify for 38 gold pieces 71519 | Elf:1 | Bought a scroll of identify for 38 gold pieces 71519 | Elf:1 | Bought a scroll of magic mapping for 66 gold pieces 71519 | Elf:1 | Bought a scroll of identify for 38 gold pieces 71519 | Elf:1 | Bought a scroll of recharging for 180 gold pieces 71519 | Elf:1 | Bought a scroll of teleportation for 57 gold pieces 71531 | Elf:1 | Reached skill level 26 in Long Blades 71944 | Elf:1 | You fall through a shaft! 71944 | Elf:2 | Found Kiumpuuz's Antique Armour Boutique. 72004 | Elf:2 | Found Xuiv's Book Emporium. 72353 | Elf:2 | Got a warped plate armour 72354 | Elf:2 | Identified the +6 plate armour "Kikuxuux" {Dex-5 Int-3} (You found it on level 2 of the Elven Halls) 72470 | Elf:2 | Found Imehuh Klai's Distillery. 72475 | Elf:2 | Bought a potion of curing for 36 gold pieces 72475 | Elf:2 | Bought a potion of curing for 36 gold pieces 72475 | Elf:2 | Bought a potion of porridge for 18 gold pieces 72475 | Elf:2 | Bought a potion of might for 45 gold pieces 72475 | Elf:2 | Bought a potion of heal wounds for 54 gold pieces 72475 | Elf:2 | Bought a potion of heal wounds for 54 gold pieces 73301 | Elf:3 | Entered Level 3 of the Elven Halls 73614 | Elf:3 | Found Fuint's Assorted Antiques. 73634 | Elf:3 | Bought 2 scrolls of immolation for 217 gold pieces 74035 | Elf:3 | HP: 23/238 [large abomination[a deep elf death mage] (27)] 74040 | Elf:3 | HP: 26/238 [deep elf conjurer/bolt of negative energy (10)] 74043 | Elf:3 | Killed from afar by a deep elf conjurer

Vault maps used:
D:1:      elethiomel_arrival_quiet, minmay_misc_feat_cross,
          wad_floor_pattern_untrapped
D:2:      minivault_5, kennysheep_doodads, uniq_jessica
D:3:      gammafunk_temple_overflow_wave, first_bread, xom_obstacle_run,
          uniq_iyjb
D:4:      minmay_temple_entry_mist, uniq_natasha
D:5:      nicolae_overflow_hidden_temple, basic_altar,
          grunt_dithmenos_smoke_and_mirrors
D:6:      basic_altar, minmay_misc_feat_tiny, uniq_crazy_yiuf_cottage,
          uniq_pikel
D:8:      grunt_pizzeria
D:9:      kennysheep_vampire_church
D:10:     lemuel_bear_cage, orc_0_dummy, uniq_erolcha, uniq_harold
D:11:     wad_cavern_with_rooms, lair_0_dummy, sword_in_stone
D:12:     uniq_gastronok, uniq_joseph, uniq_nergalle
D:13:     special_room, enter_bailey_8, lightli_corner_chamber
D:14:     grunt_vaults_entry_fortified, hangedman_decor_lopped, special_room,
          serial_shops, shop
D:15:     gammafunk_enter_depths_forms, serial_park_tiny_1,
          nicolae_trove_entry_columns, minivault_23, uniq_kirke
Orc:1:    uniq_eustachio, uniq_grum, uniq_prince_ribbit1, uniq_psyche
Orc:2:    portal_ice_cave_entry_ice_beasts
Orc:3:    basic_altar, nicolae_orc_pool_cavern, nicolae_orc_rich_vein
Orc:4:    st_orc_rangers, bloody_makhleb
Elf:1:    elf_arrival_002, serial_shops, shop_scrolls, uniq_louise,
          uniq_frances, uniq_josephine
Elf:2:    serial_co_window_serial, co_window_corner_a, co_window_paths_a,
          co_window_paths_a, co_window_corner_a, co_window_paths_a,
          co_window_cross_3, co_window_of_opportunity_c, co_window_corner_b,
          co_window_4corner_a, glass_columns_a, serial_shops, shop_coins,
          shop_fountains, shop, item_on_display_a
Elf:3:    elf_hall_gauntlet_narrow, serial_shops, nicolae_shop_crystal,
          minmay_misc_feat_ornament
Lair:3:   minmay_lair_oklob_bushes, lemuel_strawberry_fields
Lair:4:   nicolae_spider_entry_tight_spaces
Lair:5:   nicolae_swamp_entry_splash_gauntlet, serial_bayou_shore_b
Lair:6:   dummy_spider_entry, special_room
Lair:7:   kennysheep_slug_temple, uniq_maud
Lair:8:   minmay_lair_end_enchanted_forest, dpeg_slime_entry_enclosed_altar,
          lab_entry_generic, nicolae_quartered_pool_super,
          infiniplex_staircase_pool_2, serial_bayou_shore_b
Spider:1: guppyfry_spider_mini_2
Spider:2: nicolae_spider_cling_ruins
Spider:5: grunt_spider_rune_circles
Vaults:1: grunt_vaults_focal, nicolae_vaults_what_the_h, st_hourglassy,
          v_misc_23, hangedman_vaults_stretched_pinwheel, v_misc_5, v_pattern_4,
          nicolae_vaults_little_squares_1, nicolae_vaults_rhombus_6,
          nicolae_vaults_asterisk, ontoclasm_vaults_loading_screen,
          serial_shops, shop, shop, shop, shop, shop
Vaults:2: ontoclasm_vaults_bender, v_misc_19, v_misc_14, grunt_vaults_twisty,
          nicolae_vaults_alarming, ontoclasm_vaults_idyll, serial_shops, shop,
          uniq_jorgrun
Vaults:3: v_misc_14, vaults_room_octagon, vaults_mumra_lcd, v_alt_pattern_2,
          grunt_vaults_bifocal, vaults_dpeg_doors,
          nicolae_vaults_diagonal_hallway_7, vaults_room_grid,
          ontoclasm_vaults_spin, hangedman_vaults_pinch,
          minmay_crypt_entry_simple_statues, nicolae_vaults_little_squares_6,
          stair_cage_open, vaults_room_corners, serial_shops, shop
Vaults:4: v_pattern_2, hangedman_vaults_locks, vaults_room_pools,
          hangedman_vaults_slice, hangedman_vaults_impose,
          ontoclasm_vaults_tryst, vaults_mumra_blade_bloodbath,
          vaults_room_ringed_pool, nicolae_vaults_three_branches,
          ontoclasm_vaults_twist, mu_enter_wizlab_3, serial_shops,
          shop_fountains, nicolae_shop_window_shopping, shop, shop
Vaults:5: uniq_margery, uniq_boris
Blade:    uniq_boris
Bailey:   bailey_polearm_5, bailey
IceCv:    ice_cave_small_giant
WizLab:   wizlab_cloud
Depths:1: hangedman_box_tower, hell_entry, hangedman_decor_diamond_cutter,
          evilmike_ambush, uniq_agnes
